Workbook
Name Dépenses_2_3_A: [1]Données!$A$30:$A$35
Name Dépenses_2_3_A: [1]Données!$A$30:$A$35
Name Dépenses_2_3_A: [1]Données!$A$30:$A$35
Name Dépenses_2_3_A: [2]Données!$A$30:$A$35
Name Dépenses_2_3_b: [1]Données!$B$30:$B$37
Name Dépenses_2_3_b: [1]Données!$B$30:$B$37
Name Dépenses_2_3_b: [1]Données!$B$30:$B$37
Name Dépenses_2_3_b: [2]Données!$B$30:$B$37
Name ListeA: Source!$A$165:$A$168
Name ListeB: Source!$A$171:$A$173
Name rec_23a: [1]Données!$D$30:$D$34
Name rec_23a: [1]Données!$D$30:$D$34
Name rec_23a: [1]Données!$D$30:$D$34
Name rec_23a: [2]Données!$D$30:$D$34
Name rec_23b: [1]Données!$E$30:$E$36
Name rec_23b: [1]Données!$E$30:$E$36
Name rec_23b: [1]Données!$E$30:$E$36
Name rec_23b: [2]Données!$E$30:$E$36
Name sélectionnez: '[1]Formulaire-décaissement'!#REF!
Name sélectionnez: 'Formulaire-décaissement'!#REF!
Name sélectionnez: '[1]Formulaire-décaissement'!#REF!
Name sélectionnez: '[2]Formulaire-décaissement'!#REF!
Name Statut_juridique: '[1]Formulaire-décaissement'!#REF!
Name Statut_juridique: 'Formulaire-décaissement'!#REF!
Name Statut_juridique: '[1]Formulaire-décaissement'!#REF!
Name Statut_juridique: '[2]Formulaire-décaissement'!#REF!

Sheet Instructions
A1: Un message ou un nombre qui s’affiche en rouge lors du remplissage du formulaire Coûts et structure de financement indique une erreur à corriger.
A2: Coûts et structure de financement (les sélections et les entrées libres s’effectuent dans les cases bleues)
A4: 1. Indiquez :
A5: – Le type de demandeur;
A6: – Le volet;
A7: – Si vous répondez aux critères d’admissibilité pour la bonification de 10 % pour les projets dont les coûts sont affectés par le caractère unique lié à l’insularité et à l’isolement en raison de la position géographique de l’agglomération des Îles-de-la-Madeleine;
A8: – Si la demande de financement s’inscrit dans un projet global plus important. Si oui, inscrivez le coût total du projet global à la case suivante (case D10);
A9: – La durée : 1 an pour les projets de 12 mois et moins 2 ans pour les projets de 13 à 24 mois 3 ans pour les projets de 25 à 36 mois
A11: 2. Remplissez la SECTION 1 – DESCRIPTION DES COÛTS
A12: – Inscrivez la description des coûts admissibles et les montants correspondants dans les cases bleues prévues à cet effet (lignes 18 à 72).
A13: – Le montant de frais d’administration pouvant être réclamés apparaît à la case H77.
A14: – S’il y a lieu, inscrivez la description des coûts essentiels non admissibles et les montants correspondants dans les cases bleues prévues à cet effet (lignes 81 à 89).
... A29: – Lors des réclamations, les pièces justificatives requises pour ce poste de dépenses sont : Implication de ressources humaines : Formulaire de déclaration des dépenses liées aux salaires (à remplir pour l’ensemble des salaires déclarés du demandeur et de ses partenaires); Utilisation de terrains, d’immeubles, d’équipements ou de marchandises : Formulaire de déclaration de contribution nature.

Sheet Coût Structure de financement
A1: PROGRAMME DE DÉVELOPPEMENT TERRITORIAL ET SECTORIEL Coût et structure de financement - Volet 2 - Réalisation de projets d’intérêt collectif Sous-volet 2.3 - Projets de développement du secteur des pêches et de l'aquaculture commerciales
A3: Titre du projet | J3: Section réservée au Ministère
F4: Taux maximum d’aide financière admissible | H4: =Source!$A$107+Source!$A$111 -> 0 | J4: No de dossier
A5: Demandeur | F5: Montant minimum d’aide admissible (incluant les frais d’administration) | H5: =Source!$A$105 -> 0 | J5: Aide demandée | L5: =K98 -> 0
A6: Type de demandeur | B6: (À sélectionner) | F6: Montant maximum d’aide admissible (incluant les frais d’administration) | H6: =Source!$A$104 -> 0 | J6: Dépenses admissibles | L6: =K97 -> 0
A7: Volet | B7: (À sélectionner) | F7: Taux maximum de cumul des aides gouvernementales | H7: =Source!$A$113+Source!$A$111 -> 0 | J7: Taux de cumul des aides financières publiques sur les dépenses admissibles | L7: =IFERROR((#REF!+#REF!)/#REF!,0) -> 0
A8: Bonification pour les Îles-de-la-Madeleine | B8: (À sélectionner) | J8: Aide offerte*
A9: La demande de financement s’inscrit-elle dans un projet global plus important? | D9: (À sélectionner) | J9: Premier versement
A10: Si oui, veuillez indiquer le coût total lié à la réalisation du projet global. | J10: Versement(s) subséquent(s)
A11: Durée du projet | D11: (À sélectionner) | J11: Dernier versement
A12: =IF(AND(Source!A103=FALSE,B7<>"(À sélectionner)"),"Attention! Le type de demandeur sélectionné n'est pas admissible pour le sous-volet choisi.","") | J12: * Le montant de l’aide financière offerte est inscrit dans la convention d'aide financière transmise par le Ministère.
A13: SECTION 1 – DESCRIPTION DES COÛTS (OBLIGATOIRE – à remplir par le bénéficiaire)
A14: Dépenses admissibles selon le texte du programme | H14: Note : Le montant inscrit dans la colonne Coût de la dépense admissible doit être réparti dans les colonnes adjacentes, soit : Contribution du demandeur ou de ses partenaires, Autre contribution gouvernementale et Aide financière demandée au programme. Ainsi, la somme des colonnes I, J, K et L doit égaler celle de la colonne H.
A15: Honoraires professionnels et contractuels | H15: Coût de la dépense admissible | I15: Contribution du demandeur ou de ses partenaires | K15: Autre contribution gouvernementale | L15: Aide financière demandée au programme
A16: Description des honoraires professionnels et contractuels (incluant les frais de déplacement et de séjour) | I16: En argent | J16: En nature
H17: 35150 | I17: 1500 | J17: Sans objet | K17: 20000 | L17: =H17-I17-K17 -> 13650
L18: =H18-I18-K18 -> 0
L19: =H19-I19-K19 -> 0
L20: =H20-I20-K20 -> 0
L21: =H21-I21-K21 -> 0
A22: Sous-total des honoraires professionnels et contractuels | H22: =SUM(H18:H21) -> 0 | I22: =SUM(I18:I21) -> 0 | J22: =SUM(J18:J21) -> 0 | K22: =SUM(K18:K21) -> 0 | L22: =SUM(L18:L21) -> 0
A23: Rémunération du personnel | H23: Coût de la dépense admissible | I23: Contribution en argent | J23: Contribution en nature | K23: Autre contribution gouvernementale | L23: Aide financière demandée au programme
A24: Salaire réel incluant les bonis, les avantages sociaux et les charges sociales
A25: Nom et organisme | D25: Catégorie d’emploi | E25: Taux horaire réel ($) | F25: Charges sociales (%) | G25: Heure-personne
A26: Exemple : John Fassett, Centre d’expertise ABC | D26: Agronome | E26: 26.85 | F26: 0.26 | G26: 150 | H26: =ROUND((E26+(E26*F26))*G26,0) -> 5075 | K26: 2000 | L26: =H26-I26-J26-K26 -> 3075
D27: (À sélectionner) | H27: =ROUND((E27+(E27*F26))*G27,0) -> 0 | I27: Sans objet | L27: =H27-J27-K27 -> 0
D28: (À sélectionner) | H28: =ROUND((E28+(E28*F27))*G28,0) -> 0 | L28: =H28-J28-K28 -> 0
D29: (À sélectionner) | H29: =ROUND((E29+(E29*F29))*G29,0) -> 0 | L29: =H29-J29-K29 -> 0
D30: (À sélectionner) | H30: =ROUND((E30+(E30*F30))*G30,0) -> 0 | L30: =H30-J30-K30 -> 0
D31: (À sélectionner) | H31: =ROUND((E31+(E31*F31))*G31,0) -> 0 | L31: =H31-J31-K31 -> 0
D32: (À sélectionner) | H32: =ROUND((E32+(E32*F32))*G32,0) -> 0 | L32: =H32-J32-K32 -> 0
D33: (À sélectionner) | H33: =ROUND((E33+(E33*F33))*G33,0) -> 0 | L33: =H33-J33-K33 -> 0
D34: (À sélectionner) | H34: =ROUND((E34+(E34*F34))*G34,0) -> 0 | L34: =H34-J34-K34 -> 0
D35: (À sélectionner) | H35: =ROUND((E35+(E35*F35))*G35,0) -> 0 | L35: =H35-J35-K35 -> 0
D36: (À sélectionner) | H36: =ROUND((E36+(E36*F36))*G36,0) -> 0 | L36: =H36-J36-K36 -> 0
D37: (À sélectionner) | H37: =ROUND((E37+(E37*F37))*G37,0) -> 0 | L37: =H37-J37-K37 -> 0
D38: (À sélectionner) | H38: =ROUND((E38+(E38*F38))*G38,0) -> 0 | L38: =H38-J38-K38 -> 0
D39: (À sélectionner) | H39: =ROUND((E39+(E39*F39))*G39,0) -> 0 | L39: =H39-J39-K39 -> 0
D40: (À sélectionner) | H40: =ROUND((E40+(E40*F40))*G40,0) -> 0 | L40: =H40-J40-K40 -> 0
A41: Sous-total de la rémunération du personnel | H41: =SUM(H27:H40) -> 0 | I41: =SUM(I27:I40) -> 0 | J41: =SUM(J27:J40) -> 0 | K41: =SUM(K27:K40) -> 0 | L41: =SUM(L27:L40) -> 0
A42: Frais de déplacement et de séjour du demandeur et de ses partenaires | G42: Barèmes | H42: Coût de la dépense admissible | I42: Contribution en argent | J42: Contribution en nature | K42: Autre contribution gouvernementale | L42: Aide financière demandée
A43: Frais de déplacement (lieu de départ et d’arrivée, distance, indemnité par km, etc.), d’hébergement et de restauration
A44: Exemple : 5 visites de ferme, 100 km par visite à 0,530 $/km et 5 dîners pour comité de suivi du projet à 16,40 $/dîner et 2 nuits à Montréal en haute saison à 219 $/nuit | H44: =5*100*0.53+5*16.4+2*219 -> 785 | I44: 785 | L44: =H44-I44-J44-K44 -> 0
L45: =H45-I45-J45-K45 -> 0
L46: =H46-I46-J46-K46 -> 0
L47: =H47-I47-J47-K47 -> 0
L48: =H48-I48-J48-K48 -> 0
L49: =H49-I49-J49-K49 -> 0
A50: Sous-total des frais de déplacement et de séjour | H50: =SUM(H45:H49) -> 0 | I50: =SUM(I45:I49) -> 0 | J50: =SUM(J45:J49) -> 0 | K50: =SUM(K45:K49) -> 0 | L50: =SUM(L45:L49) -> 0
A51: Achat de matériel et d’équipements neufs ou usagés (seulement pour les volets 2.1 et 2.2) | H51: Coût de la dépense admissible | I51: Contribution en argent | J51: Contribution en nature | K51: Autre contribution gouvernementale | L51: Aide financière demandée
A52: Description du matériel ou de l’équipement acheté (maximum de 100 000 $ pour ces dépenses)
A53: Exemple : Achat, livraison et installation de 3 équipements de congélation à 60 000 $ chacun | H53: =3*60000 -> 180000 | I53: 80000 | L53: =H53-I53-J53-K53 -> 100000
A54: Enlève cette section | L54: =H54-I54-J54-K54 -> 0
L55: =H55-I55-J55-K55 -> 0
L56: =H56-I56-J56-K56 -> 0
L57: =H57-I57-J57-K57 -> 0
L58: =H58-I58-J58-K58 -> 0
A59: Sous-total des achats de matériel et d’équipements | H59: =SUM(H54:H58) -> 0 | I59: =SUM(I54:I58) -> 0 | J59: =SUM(J54:J58) -> 0 | K59: =SUM(K54:K58) -> 0 | L59: =IF(SUM(L54:L58)<=100000,SUM(L54:L58),"Maximum de 100 000 $ dépassé !") -> 0
A60: ="Frais de location "&Source!A115 -> Frais de location Choisir un volet | H60: Coût de la dépense admissible | I60: Contribution en argent | J60: Contribution en nature | K60: Autre contribution gouvernementale | L60: Aide financière demandée
L61: =H61-I61-J61-K61 -> 0
L62: =H62-I62-J62-K62 -> 0
L63: =H63-I63-J63-K63 -> 0
L64: =H64-I64-J64-K64 -> 0
A65: Sous-total des frais de location | H65: =SUM(H61:H64) -> 0 | I65: =SUM(I61:I64) -> 0 | J65: =SUM(J61:J64) -> 0 | K65: =SUM(K61:K64) -> 0 | L65: =SUM(L61:L64) -> 0
A66: Autres frais et dépenses | H66: Coût de la dépense admissible | I66: Contribution en argent | J66: Contribution en nature | K66: Autre contribution gouvernementale | L66: Aide financière demandée
A67: =Source!A117 -> Choisir un volet
L68: =H68-I68-J68-K68 -> 0
L69: =H69-I69-J69-K69 -> 0
L70: =H70-I70-J70-K70 -> 0
L71: =H71-I71-J71-K71 -> 0
L72: =H72-I72-J72-K72 -> 0
A73: Sous-total des autres frais et dépenses | H73: =SUM(H68:H72) -> 0 | I73: =SUM(I68:I72) -> 0 | J73: =SUM(J68:J72) -> 0 | K73: =SUM(K68:K72) -> 0 | L73: =SUM(L68:L72) -> 0
A75: Frais d’administration | H75: Maximum des frais d'administration admissibles | I75: Montant des frais d'administration en contribution en nature | K75: Montant des frais d'administratioon demandé
A76: Sont admissibles les frais d’administration sans excéder 15 % de l’aide financière.
A77: Inscrire le montant demandé au programme dans la colonne Montant des frais d’administration demandé. Il est possible que le montant à indiquer soit inférieur au montant maximum admissible si le taux d’aide est déjà atteint. Les frais d’administration peuvent être une contribution en nature. | H77: =Source!E159 -> 0
A78: =IF(K77>Source!E159,"ATTENTION les frais administratifs demandés sont plus élevé que le montant admissiblee pour cette dépense.","")
A80: Dépenses non admissibles selon le texte du programme et qui sont essentielles à la réalisation du projet | G80: Coût de la dépense non admissible | H80: Section de commentaires réservée au Ministère
A90: Frais d'administration excédant 15% de l'aide financière | G90: =Source!D162
A91: Sous-total des dépenses non admissibles | G91: =SUM(G82:G90) -> 0
A93: Coût total du projet | L93: =G91+K97 -> 0
A95: Calcul de l'aide financière
A96: Montant admissible des frais administratifs demandé | K96: =IF(Source!D160<Source!E159,Source!D160,Source!E159) -> 0 | L96: =Source!F159 -> #VALUE!
A97: Total des dépenses admissibles (incluant les frais d'administration admissibles) | K97: =K96+H22+H41+H50+H65+H73+I77 -> 0
A98: Montant maximum d'aide financière pouvant être demandé | K98: =K97*H7 -> 0 | L98: =IFERROR(K98/K97,"")
A99: Montant minimum de contribution du demandeur ou des partenaires nécessaire selon le montant d’aide financière demandé est de | I99: =IF(B8="Bonification de 10 % pour les projets dont les coûts sont affectés par le caractère unique lié à l'insularité et à l'isolement en raison de la position géographique de l'agglomération des Îles-de-la-Madeleine",0.1*K97,0.2*K97) -> 0 | J99: avec au moins | K99: =I99/2 -> 0 | L99: en espèces.
A100: Conditions particulières :
A103: SECTION 2 – STRUCTURE DE FINANCEMENT (OBLIGATOIRE – à remplir par le bénéficiaire)
A104: Identification du contributeur (demandeur, partenaire, ministère, organisme, société d’État, autre [précisez]) | E104: Précision sur la source de financement (subvention, fonds propres, prêt bancaire, prêt gouvernemental, bourse, autre source de financement [précisez]) | K104: Confirmation du financement (confirmé ou non confirmé) | L104: Montant de la contribution
A105: MAPAQ – Programme de développement territorial et sectoriel | E105: Subvention | L105: =K98 -> 0
A106: Exemple : Demandeur | E106: Fonds propres | K106: Confirmé
K107: (À sélectionner)
K108: (À sélectionner)
K109: (À sélectionner)
K110: (À sélectionner)
K111: (À sélectionner)
K112: (À sélectionner)
K113: (À sélectionner)
K114: (À sélectionner)
K115: (À sélectionner)
K116: (À sélectionner)
...

Sheet Source
A1: Dépenses autorisées
A2: Oui
A3: Non
A4: Partiellement
A5: Statut - Documents
A6: Conforme
A7: Non conforme
A8: Questions : Contributeurs
A9: Oui
A10: Non
A11: Contribution
A12: (À sélectionner)
... A15: En argent et nature
A16: Profils | B16: PDTS | C16: Colonne1
A17: (À sélectionner) | B17: (À sélectionner) | C17: (À sélectionner)
A18: Agronome | B18: Agronome | C18: Agronome
A19: Chercheur(-euse) universitaire | B19: Autre professionnel | C19: Aide pêcheur(-cheuse)
A20: Chercheur(-euse) de centre de recherche | B20: Chercheur de centre de recherche | C20: Chercheur(-euse) universitaire
A21: Étudiant(e) salarié(e) – postdoctorat | B21: Chercheur universitaire | C21: Chercheur(-euse) de centre de recherche
A22: Étudiant(e) salarié(e) – 3e cycle | B22: Étudiant boursier | C22: Étudiant(e) salarié(e) – postdoctorat
A23: Étudiant(e) salarié(e) – 2e cycle | B23: Étudiant salarié (1er cycle) | C23: Étudiant(e) salarié(e) – 3e cycle
A24: Étudiant(e) salarié(e) – 1er cycle | B24: Étudiant salarié (2e cycle) | C24: Étudiant(e) salarié(e) – 2e cycle
A25: Étudiant(e) salarié(e) (autre) | B25: Étudiant salarié (3e cycle) | C25: Étudiant(e) salarié(e) – 1er cycle
A26: Ingénieur(e) | B26: Étudiant salarié (autre) | C26: Étudiant(e) salarié(e) (autre)
A27: Ouvrier(-ière) | B27: Étudiant salarié (postdoctorat) | C27: Ingénieur(e)
... A34: Demandeur ou partenaire | B34: Colonne1 | C34: Vétérinaire
A35: (À sélectionner) | C35: Autre professionnel(le)
A36: Programme de développement territorial et sectoriel | C36: Autre
A37: Demandeur
A38: Partenaire
A39: ='Coût Structure de financement'!H107 -> 0 | B39: Partenaires 1
A40: ='Coût Structure de financement'!H108 -> 0 | B40: Partenaires 2
A41: ='Coût Structure de financement'!H109 -> 0 | B41: Partenaires 3
A42: ='Coût Structure de financement'!H110 -> 0 | B42: Partenaires 4
A43: ='Coût Structure de financement'!H111 -> 0 | B43: Partenaires 5
A44: Volets | B44: No selon le volet
A45: (À sélectionner) | B45: 0
B46: 1
B47: 2
B48: 3
B49: 4
B50: 5
A51: Sous-volet 2.3 — Projets de développement du secteur des pêches et de l'aquaculture commerciales – projets structurants d'intérêt collectif | B51: 6
A52: Sous-volet 2.3 — Projets de développement du secteur des pêches et de l'aquaculture commerciales – projets d'intérêt collectif de mise en valeur du secteur | B52: 7
A53: Clientèle | B53: No selon la clientèle | C53: Sous-volet 1.1 | D53: Sous-volet 1.2 | E53: Sous-volet 2.1 | F53: Sous-volet 2.2 Entreprises privées | G53: Sous-volet 2.2 Autres demandeurs | H53: Sous-volet 2.3 - Structurants | I53: Sous-volet 2.3 - Mise en valeur
A54: (À sélectionner) | B54: CL0
A55: Associations du secteur des pêches et de l’aquaculture commerciales | B55: CL1 | H55: Oui | I55: Oui
A56: Associations ou regroupements d’entreprises du secteur agroalimentaire | B56: CL2 | C56: Oui | D56: Oui | E56: Oui
A57: Communautés ou nations autochtones reconnues par l’Assemblée nationale du Québec | B57: CL3 | C57: Oui | G57: Oui | I57: Oui
A58: Coopératives | B58: CL4 | G58: Oui | I58: Oui
A59: Entités municipales | B59: CL5 | C59: Oui | G59: Oui | I59: Oui
A60: Entreprises privées | B60: CL6 | F60: Oui
A61: Établissements de recherche | B61: CL7 | C61: Oui | D61: Oui | E61: Oui
A62: Établissements de transfert technologique | B62: CL8 | C62: Oui | D62: Oui | E62: Oui
A63: Organismes à but non lucratif | B63: CL9 | G63: Oui | H63: Oui | I63: Oui
A64: Organismes régionaux de promotion et de commercialisation des produits bioalimentaires | B64: CL10 | I64: Oui
A65: Structures de concertation sectorielle | B65: CL11 | C65: Oui | D65: Oui | E65: Oui
A66: Structures de concertation territoriale | B66: CL12 | C66: Oui | D66: Oui
A67: Table filière de l’aquaculture en eau douce du Québec | B67: CL13 | H67: Oui | I67: Oui
A68: Taux d'aide
A69: 0.5
A70: 0.8
A71: Type de financement (autre)
A72: (À sélectionner)
A73: Autres programmes du MAPAQ
A74: Autre financement public
A75: Autres
A76: Financement autre programme confirmé
A77: (À sélectionner)
A78: Confirmé
A79: Non confirmé
A80: Priorités
A81: (À sélectionner)
A82: Bonification de 10 % pour les projets dont les coûts sont affectés par le caractère unique lié à l'insularité et à l'isolement en raison de la position géographique de l'agglomération des Îles-de-la-Madeleine
A83: Sans objet
A84: Durée | B84: Durée en absolue
A85: (À sélectionner) | B85: 0
A86: 1 an | B86: 1
A87: 2 ans | B87: 2
A88: 3 ans | B88: 3
A89: Montant d'aide | B89: Montant minimum | C89: Montant brut | D89: Montant max | E89: Montant min | F89: Frais de location | G89: Autres frais et dépenses | H89: Minimum de contribution nécessaire
A90: (À sélectionner) | B90: 0 | C90: 0 | D90: 0 | E90: 0 | F90: Choisir un volet
A91: Sous-volet 1.1 — Planifications | B91: 5000 | C91: 50000 | D91: 50 000 $ / projet | E91: 5 000 $ / projet | F91: de salle | G91: Frais de communication et d'acquisition de données
A92: Sous-volet 1.2 — Coordination de la concertation | B92: 5000 | C92: 100000 | D92: 100 000 $ / an / secteur | E92: 5 000 $ / an / secteur | F92: de salle | G92: Frais de communication et d'acquisition de données
A93: Sous-volet 2.1 — Projets de développement du secteur agroalimentaire | B93: 5000 | C93: 250000 | D93: 250 000 $ / projet | E93: 5 000 $ / projet | F93: de salle et coût d’utilisation ou de location de matériel, d’équipements, de bâtiments ou de terrains | G93: Frais de communication, d'acquisition de données et frais associés aux analyses de laboratoire
A94: Sous-volet 2.2 — Projets de développement territorial – entreprises privées | B94: 5000 | C94: 50000 | D94: 50 000 $ / projet | E94: 5 000 $ / projet | F94: ou coût d’utilisation de matériel, d’équipements, de bâtiments ou de terrains | G94: Frais de communication, d'acquisition de données et frais liés à l’adaptation ou à l’aménagement de bâtiments ou de terrains
A95: Sous-volet 2.2 — Projets de développement territorial – autres demandeurs | B95: 5000 | C95: 250000 | D95: 250 000 $ / projet | E95: 5 000 $ / projet | F95: ou coût d’utilisation de matériel, d’équipements, de bâtiments ou de terrains | G95: Frais de communication, d'acquisition de données et frais liés à l’adaptation ou à l’aménagement de bâtiments ou de terrains
A96: Sous-volet 2.3 — Projets de développement du secteur des pêches et de l'aquaculture commerciales – projets structurants d'intérêt collectif | B96: 5000 | C96: 200000 | D96: 200 000 $ / an / projet | E96: 5 000 $ / an / projet | F96: non admissibles à ce volet | G96: Dépenses associées à la promotion, à l’écocertification et à l’identification des produits aquatiques du Québec
A97: Sous-volet 2.3 — Projets de développement du secteur des pêches et de l'aquaculture commerciales – projets d'intérêt collectif de mise en valeur du secteur | B97: 5000 | C97: 50000 | D97: 50 000 $ / projet | E97: 5 000 $ / projet | F97: de salle et d’équipements pour la tenue d’une activité | G97: Frais de communication et de promotion d’une activité
A98: NO associé a un volet | B98: Durée sélectionnée en absolue
A99: {=_xlfn.IFS('Coût Structure de financement'!B7=A90,0,'Coût Structure de financement'!B7=A91,1,'Coût Structure de financement'!B7=A92,2,'Coût Structure de financement'!B7=A93,3,'Coût Structure de financement'!B7=A94,4,'Coût Structure de financement'!B7=A95,5,'Coût Structure de financement'!B7=A96,6,'Coût Structure de financement'!B7=A97,7)} -> 0 | B99: =IF('Coût Structure de financement'!D11=Source!A86,1,IF('Coût Structure de financement'!D11=Source!A87,2,IF('Coût Structure de financement'!D11=Source!A88,3,0))) -> 0
A100: NO associé une clientèle
A101: {=_xlfn.IFS('Coût Structure de financement'!B6="(À sélectionner)","CL0",'Coût Structure de financement'!B6="Associations du secteur des pêches et de l’aquaculture commerciales","CL1",'Coût Structure de financement'!B6="Associations ou regroupements d’entreprises du secteur agroalimentaire","CL2",'Coût Structure de financement'!B6="Communautés ou nations autochtones reconnues par l’Assemblée nationale du Québec","CL3",'Coût Structure de financement'!B6="Coopératives","CL4",'Coût Structure de financement'!B6="Entités municipales","CL5",'Coût Structure de financement'!B6="Entreprises privées","CL6",'Coût Structure de financement'!B6="Établissements de recherche","CL7",'Coût Structure de financement'!B6="Établissements de transfert technologique","CL8",'Coût Structure de financement'!B6="Organismes à but non lucratif","CL9",'Coût Structure de financement'!B6="Organismes régionaux de promotion et de commercialisation des produits bioalimentaires","CL10",'Coût Structure de financement'!B6="Structures de concertation sectorielle","CL11",'Coût Structure de financement'!B6="Structures de concertation territoriale ou des organismes mandatés","CL12",'Coût Structure de financement'!B6="Table filière de l’aquaculture en eau douce du Québec","CL13")} -> CL0
A102: Calcul montant aide | B102: Description
A103: =(IF(AND(A101="CL1",A99=6),TRUE,IF(AND(A101="CL1",A99=7),TRUE,IF(AND(A101="CL2",A99=1),TRUE,IF(AND(A101="CL2",A99=2),TRUE,IF(AND(A101="CL2",A99=3),TRUE,IF(AND(A101="CL3",A99=1),TRUE,IF(AND(A101="CL6",A99=4),TRUE,IF(AND(A101="CL3",A99=5),TRUE,IF(AND(A101="CL3",A99=7),TRUE,IF(AND(A101="CL4",A99=5),TRUE,IF(AND(A101="CL4",A99=7),TRUE,IF(AND(A101="CL5",A99=1),TRUE,IF(AND(A101="CL5",A99=5),TRUE,IF(AND(A101="CL5",A99=7),TRUE,IF(AND(A101="CL7",A99=1),TRUE,IF(AND(A101="CL7",A99=2),TRUE,IF(AND(A101="CL7",A99=3),TRUE,IF(AND(A101="CL8",A99=1),TRUE,IF(AND(A101="CL8",A99=2),TRUE,IF(AND(A101="CL8",A99=3),TRUE,IF(AND(A101="CL9",A99=5),TRUE,IF(AND(A101="CL9",A99=6),TRUE,IF(AND(A101="CL9",A99=7),TRUE,IF(AND(A101="CL10",A99=7),TRUE,IF(AND(A101="CL11",A99=1),TRUE,IF(AND(A101="CL11",A99=2),TRUE,IF(AND(A101="CL11",A99=3),TRUE,IF(AND(A101="CL12",A99=2),TRUE,IF(AND(A101="CL13",A99=6),TRUE,IF(AND(A101="CL13",A99=7),TRUE,IF(AND(A101="CL12",A99=1),TRUE,FALSE)))))))))))))))))))))))))))))))) -> FALSE | B103: Clientèle admissible selon volet
A104: =IF(AND(A99=1,A103=TRUE),C91,IF(AND(A99=2,A103=TRUE),C92*B99,IF(AND(A99=3,A103=TRUE),C93,IF(AND(A99=4,A103=TRUE),C94,IF(AND(A99=5,A103=TRUE),C95,IF(AND(A99=6,A103=TRUE),C96*B99,IF(AND(A99=7,A103=TRUE),C97,IF(G6=0,)))))))) -> 0 | B104: Calcul de l'aide max
A105: =IF(AND(A99=1,A103=TRUE),E91,IF(AND(A99=2,A103=TRUE),E92,IF(AND(A99=3,A103=TRUE),E93,IF(AND(A99=4,A103=TRUE),E94,IF(AND(A99=5,A103=TRUE),E95,IF(AND(A99=6,A103=TRUE),E96,IF(AND(A99=7,A103=TRUE),E97,IF(G6=0,)))))))) -> 0 | B105: Calcul de l'aide min
A106: Calcul % aide
A107: {=_xlfn.IFS(A99=0,0,A99=1,0.8,A99=2,0.8,A99=3,0.8,A99=4,0.5,A99=5,0.8,A99=6,0.8,A99=7,0.8)} -> 0
A108: Calcul bonification | B108: Decription
...

Sheet Déplacements
A1: Détaillez ici les déplacements prévus au projet. En premier lieu, vous devez démontrer le caractère nécessaire du déplacement en décrivant l'objectif du déplacement. Celui-ci doit également respecter le barème établi (voir lien ci-après):
A2: Lien | B2: https://www.tresor.gouv.qc.ca/fileadmin/PDF/secretariat/Directive_frais_remboursables.pdf
B4: Objectif du déplacement
B5: Période
A7: Catégorie de dépenses | C7: Région | D7: Nombre | E7: Coût unitaire | F7: Coût de la dépense admissible
A9: Déjeuner | F9: =D9*E9 -> 0
A10: Diner | F10: =D10*E10 -> 0
A11: Souper | F11: =D11*E11 -> 0
A12: Frais kilométrique | F12: =D12*E12 -> 0
A13: Autres dépenses de déplacement - préciser | F13: =D13*E13 -> 0
A14: Nuités | F14: =D14*E14 -> 0
A15: Total | F15: =SUM(F9:F14) -> 0 | G15: Le montant total doit être rapporté dans l'onglet Coût et structure et financement.
B18: =B4 -> Objectif du déplacement
B19: =B5 -> Période
A21: Catégorie de dépenses | C21: Région | D21: Nombre | E21: Coût unitaire | F21: Coût de la dépense admissible
A23: Déjeuner | F23: =D23*E23 -> 0
A24: Diner | F24: =D24*E24 -> 0
A25: Souper | F25: =D25*E25 -> 0
A26: Frais kilométrique | F26: =D26*E26 -> 0
A27: Autres dépenses de déplacement - préciser | F27: =D27*E27 -> 0
A28: Nuités | F28: =D28*E28 -> 0
A29: Total | F29: =SUM(F23:F28) -> 0 | G29: Le montant total doit être rapporté dans l'onglet Coût et structure et financement.
B32: =B18 -> Objectif du déplacement
B33: =B19 -> Période
A35: Catégorie de dépenses | C35: Région | D35: Nombre | E35: Coût unitaire | F35: Coût de la dépense admissible
A37: Déjeuner | F37: =D37*E37 -> 0
A38: Diner | F38: =D38*E38 -> 0
A39: Souper | F39: =D39*E39 -> 0
A40: Frais kilométrique | F40: =D40*E40 -> 0
A41: Autres dépenses de déplacement - préciser | F41: =D41*E41 -> 0
A42: Nuités | F42: =D42*E42 -> 0
A43: Total | F43: =SUM(F37:F42) -> 0 | G43: Le montant total doit être rapporté dans l'onglet Coût et structure et financement.
B46: =B32 -> Objectif du déplacement
B47: =B33 -> Période
A49: Catégorie de dépenses | C49: Région | D49: Nombre | E49: Coût unitaire | F49: Coût de la dépense admissible
A51: Déjeuner | F51: =D51*E51 -> 0
A52: Diner | F52: =D52*E52 -> 0
A53: Souper | F53: =D53*E53 -> 0
A54: Frais kilométrique | F54: =D54*E54 -> 0
A55: Autres dépenses de déplacement - préciser | F55: =D55*E55 -> 0
A56: Nuités | F56: =D56*E56 -> 0
A57: Total | F57: =SUM(F51:F56) -> 0 | G57: Le montant total doit être rapporté dans l'onglet Coût et structure et financement.
B60: =B46 -> Objectif du déplacement
B61: =B47 -> Période
A63: Catégorie de dépenses | C63: Région | D63: Nombre | E63: Coût unitaire | F63: Coût de la dépense admissible
A65: Déjeuner | F65: =D65*E65 -> 0
A66: Diner | F66: =D66*E66 -> 0
A67: Souper | F67: =D67*E67 -> 0
A68: Frais kilométrique | F68: =D68*E68 -> 0
A69: Autres dépenses de déplacement - préciser | F69: =D69*E69 -> 0
A70: Nuités | F70: =D70*E70 -> 0
A71: Total | F71: =SUM(F65:F70) -> 0 | G71: Le montant total doit être rapporté dans l'onglet Coût et structure et financement.
B74: TOTAL | F74: =F15+F29+F43+F57+F71 -> 0

Sheet Décl, contribution partenaire
C1: DÉCLARATION DE LA RÉMUNÉRATION D'UN PARTENAIRE AYANT PARTICIPÉ AU PROJET - CONTRIBUTION NATURE
E6: v. 2024_05_28
B7: Ce formulaire doit être rempli par un partenaire afin de déclarer sa rémunération pour les heures reliées à sa participation dans le projet en contribution nature.
B8: Nom du programme | C8: Veuillez sélectionner un programme
B9: Titre du projet
B10: Numéro du projet
B11: Nom de l'organisme partenaire
B12: Adresse de l'organisme partenaire
B14: Description de la contribution | E14: Valeur de la contribution nature ($)
B15: Prénom et nom | E15: =C18*C19 -> 0
B16: Catégorie d'emploi
B17: Période couverte par la contribution
B18: Nombre d'heures effectuées (Nombre d’heures réalisées et déclarées dans le cadre du projet, excluant les vacances, les maladies et les jours fériés.)
B19: Taux horaire (incluant les charges sociales*)
B20: Bref résumé des travaux et de l'implication
B22: Prénom et nom de la personne complétant le formulaire
B23: Signature : | E23: Date :
B24: * Les valeurs de la contribution nature doivent correspondre aux montants indiqués dans le formulaire de déclaration des salaires et le rapport financier.
B26: *Définition « Charges sociales » : Mesures ayant une valeur monétaire s’ajoutant au salaire que prend un employeur au bénéfice de ses employés. Les charges sociales sont des sommes que tout employeur doit verser au gouvernement provincial et fédéral. Elles comprennent les indemnités de vacances, les congés de maladie et fériés, les charges liées aux frais à débourser par l’employeur d’Assurance emploi, de Régime des rentes du Québec, de Régime québécois d’assurance parentale, de Fonds des services de santé, les frais liés à la Commission des normes, de l’Équité, de la Santé, et de la Sécurité au travail, les frais liés aux assurances collectives. Référence Programme de développement territorial et sectoriel 2023-2026

Sheet Réclamation 1
A1: PROGRAMME DE DÉVELOPPEMENT TERRITORIAL ET SECTORIEL Réclamation 1 | R1: SECTION A MASQUER POUR LE BÉNÉFICIAIRE
A3: Titre du projet | B3: ='Coût Structure de financement'!B3 -> 0 | I3: Section réservée au ministère | S3: Validation des pìèces justificatives | V3: Validation des salaires Pour les salaires de 7 500 $ et plus, validez 70% et si le seuil de 70% est atteint, cessez la validation. Si tous les salaires sont moins de 7 500 $ et toutes les factures sont moins de 2 500 $, vérifiez la pièce justificative la plus élevée.
I4: Aide financière octroyée | K4: ='Coût Structure de financement'!L8 -> 0 | L4: No de dossier | N4: ='Coût Structure de financement'!L4 -> 0 | S4: Validation complète 70 % | T4: > 15 000 $
A5: Volet | B5: ='Coût Structure de financement'!B7 -> (À sélectionner) | I5: Dépenses admissibles | K5: ='Coût Structure de financement'!L6 -> 0 | L5: Avance | S5: Validation partielle | T5: 2 500 $ à 15 000 $ | V5: Validation complète 70 % | X5: Salaire ≥ 7 500 $
A6: Demandeur | B6: ='Coût Structure de financement'!B5 -> 0 | I6: Maximum de cumul des aides gouvernementales | K6: ='Coût Structure de financement'!H7 -> 0 | L6: Date d'admissibilité des dépenses | S6: Validation unique | T6: Moins de 2 500 $ | V6: Aucune validation | X6: < 7 500$
A7: Bonification ïles-de la Madeleine | B7: ='Coût Structure de financement'!B8 -> (À sélectionner) | I7: Taux maximum d'aide financière admissible octroyé | K7: ='[3]Coût Structure de financement'!I7 -> 0.8 | S7: ** En tout temps, référez-vous à la Directive sur le traitement des demandes de réclamations des aides financières.
A9: SECTION À REMPLIR PAR LE BÉNÉFICIAIRE
A10: DÉPENSES RÉELLES ADMISSIBLES - appuyées par une facture | S10: DÉPENSES
A11: Date | B11: Numéro de facture | C11: Nom du fournisseur | E11: Description | H11: Catégorie | L11: Montant avant taxes | M11: Contribution du demandeur ou des partenaires | O11: Autre contribution gouvernementale | P11: Aide financière demandée au programme | Q11: Facture exigée | S11: Action requise | T11: Montant admissible (montant de la colonne L) | U11: % | V11: Aide maximale | W11: Commentaires
M12: Espèce | N12: Nature
P13: =L13-M13-O13 -> 0 | Q13: =IF(L13="","",IF(L13<2500,"NON","OUI")) | S13: =IF(L13="","",IF(L13<2500,"Validation unique",IF(L13<=15000,"Validation partielle","Validation complète"))) | V13: =T13*U13 -> 0
P14: =L14-M14-O14 -> 0 | Q14: =IF(L14="","",IF(L14<2500,"NON","OUI")) | S14: =IF(L14="","",IF(L14<2500,"Validation unique",IF(L14<=15000,"Validation partielle","Validation complète"))) | V14: =T14*U14 -> 0
P15: =L15-M15-O15 -> 0 | Q15: =IF(L15="","",IF(L15<2500,"NON","OUI")) | S15: =IF(L15="","",IF(L15<2500,"Validation unique",IF(L15<=15000,"Validation partielle","Validation complète"))) | V15: =T15*U15 -> 0
P16: =L16-M16-O16 -> 0 | Q16: =IF(L16="","",IF(L16<2500,"NON","OUI")) | S16: =IF(L16="","",IF(L16<2500,"Validation unique",IF(L16<=15000,"Validation partielle","Validation complète"))) | V16: =T16*U16 -> 0
P17: =L17-M17-O17 -> 0 | Q17: =IF(L17="","",IF(L17<2500,"NON","OUI")) | S17: =IF(L17="","",IF(L17<2500,"Validation unique",IF(L17<=15000,"Validation partielle","Validation complète"))) | V17: =T17*U17 -> 0
P18: =L18-M18-O18 -> 0 | Q18: =IF(L18="","",IF(L18<2500,"NON","OUI")) | S18: =IF(L18="","",IF(L18<2500,"Validation unique",IF(L18<=15000,"Validation partielle","Validation complète"))) | V18: =T18*U18 -> 0
P19: =L19-M19-O19 -> 0 | S19: =IF(L19="","",IF(L19<2500,"Validation unique",IF(L19<=15000,"Validation partielle","Validation complète"))) | V19: =T19*U19 -> 0
P20: =L20-M20-O20 -> 0 | S20: =IF(L20="","",IF(L20<2500,"Validation unique",IF(L20<=15000,"Validation partielle","Validation complète"))) | V20: =T20*U20 -> 0
P21: =L21-M21-O21 -> 0 | S21: =IF(L21="","",IF(L21<2500,"Validation unique",IF(L21<=15000,"Validation partielle","Validation complète"))) | V21: =T21*U21 -> 0
P22: =L22-M22-O22 -> 0 | S22: =IF(L22="","",IF(L22<2500,"Validation unique",IF(L22<=15000,"Validation partielle","Validation complète"))) | V22: =T22*U22 -> 0
P23: =L23-M23-O23 -> 0 | Q23: =IF(L23="","",IF(L23<2500,"NON","OUI")) | S23: =IF(L23="","",IF(L23<2500,"Validation unique",IF(L23<=15000,"Validation partielle","Validation complète"))) | V23: =T23*U23 -> 0
P24: =L24-M24-O24 -> 0 | Q24: =IF(L24="","",IF(L24<2500,"NON","OUI")) | S24: =IF(L24="","",IF(L24<2500,"Validation unique",IF(L24<=15000,"Validation partielle","Validation complète"))) | V24: =T24*U24 -> 0
P25: =L25-M25-O25 -> 0 | Q25: =IF(L25="","",IF(L25<2500,"NON","OUI")) | S25: =IF(L25="","",IF(L25<2500,"Validation unique",IF(L25<=15000,"Validation partielle","Validation complète"))) | V25: =T25*U25 -> 0
P26: =L26-M26-O26 -> 0 | Q26: =IF(L26="","",IF(L26<2500,"NON","OUI")) | S26: =IF(L26="","",IF(L26<2500,"Validation unique",IF(L26<=15000,"Validation partielle","Validation complète"))) | V26: =T26*U26 -> 0
P27: =L27-M27-O27 -> 0 | Q27: =IF(L27="","",IF(L27<2500,"NON","OUI")) | S27: =IF(L27="","",IF(L27<2500,"Validation unique",IF(L27<=15000,"Validation partielle","Validation complète"))) | V27: =T27*U27 -> 0
P28: =L28-M28-O28 -> 0 | Q28: =IF(L28="","",IF(L28<2500,"NON","OUI")) | S28: =IF(L28="","",IF(L28<2500,"Validation unique",IF(L28<=15000,"Validation partielle","Validation complète"))) | V28: =T28*U28 -> 0
P29: =L29-M29-O29 -> 0 | Q29: =IF(L29="","",IF(L29<2500,"NON","OUI")) | S29: =IF(L29="","",IF(L29<2500,"Validation unique",IF(L29<=15000,"Validation partielle","Validation complète"))) | V29: =T29*U29 -> 0
P30: =L30-M30-O30 -> 0 | Q30: =IF(L30="","",IF(L30<2500,"NON","OUI")) | S30: =IF(L30="","",IF(L30<2500,"Validation unique",IF(L30<=15000,"Validation partielle","Validation complète"))) | V30: =T30*U30 -> 0
P31: =L31-M31-O31 -> 0 | Q31: =IF(L31="","",IF(L31<2500,"NON","OUI")) | S31: =IF(L31="","",IF(L31<2500,"Validation unique",IF(L31<=15000,"Validation partielle","Validation complète"))) | V31: =T31*U31 -> 0
P32: =L32-M32-O32 -> 0 | Q32: =IF(L32="","",IF(L32<2500,"NON","OUI")) | S32: =IF(L32="","",IF(L32<2500,"Validation unique",IF(L32<=15000,"Validation partielle","Validation complète"))) | V32: =T32*U32 -> 0
P33: =L33-M33-O33 -> 0 | Q33: =IF(L33="","",IF(L33<2500,"NON","OUI")) | S33: =IF(L33="","",IF(L33<2500,"Validation unique",IF(L33<=15000,"Validation partielle","Validation complète"))) | V33: =T33*U33 -> 0
A34: RÉMUNÉRATION DU PERSONNEL INTERNE | S34: RÉMUNÉRATION DU PERSONNEL
A35: Nom de l'employé | E35: Catégorie d'emploi | G35: Taux horaire réel ($/ heure) | H35: Charges sociales (%) | I35: Nbr heures travaillées | J35: Périodes travaillées | L35: =L11 -> Montant avant taxes | M35: Espèce | N35: Nature | O35: Autre contribution gouvernementale | P35: Aide financière demandée au programme | Q35: Pièce justificative
G36: 25 | H36: 0.26 | L36: =ROUND((G36+(G36*H36))*I36,0) -> 0 | M36: Sans objet | P36: =L36-N36-O36 -> 0 | Q36: =IF(L36="","",IF(L36<7500,"NON","OUI")) -> NON | S36: =IF(L36="","",IF(L36<2500,"Validation unique",IF(L36<=15000,"Validation partielle","Validation complète"))) -> Validation unique | V36: =T36*U36 -> 0
L37: =ROUND((G37+(G37*H37))*I37,0) -> 0 | P37: =L37-N37-O37 -> 0 | Q37: =IF(L37="","",IF(L37<7500,"NON","OUI")) -> NON | S37: =IF(L37="","",IF(L37<2500,"Validation unique",IF(L37<=15000,"Validation partielle","Validation complète"))) -> Validation unique | V37: =T37*U37 -> 0
L38: =ROUND((G38+(G38*H38))*I38,0) -> 0 | P38: =L38-N38-O38 -> 0 | Q38: =IF(L38="","",IF(L38<7500,"NON","OUI")) -> NON | S38: =IF(L38="","",IF(L38<2500,"Validation unique",IF(L38<=15000,"Validation partielle","Validation complète"))) -> Validation unique | V38: =T38*U38 -> 0
L39: =ROUND((G39+(G39*H39))*I39,0) -> 0 | P39: =L39-N39-O39 -> 0 | Q39: =IF(L39="","",IF(L39<7500,"NON","OUI")) -> NON | S39: =IF(L39="","",IF(L39<2500,"Validation unique",IF(L39<=15000,"Validation partielle","Validation complète"))) -> Validation unique | V39: =T39*U39 -> 0
L40: =ROUND((G40+(G40*H40))*I40,0) -> 0 | P40: =L40-N40-O40 -> 0 | Q40: =IF(L40="","",IF(L40<7500,"NON","OUI")) -> NON | S40: =IF(L40="","",IF(L40<2500,"Validation unique",IF(L40<=15000,"Validation partielle","Validation complète"))) -> Validation unique | V40: =T40*U40 -> 0
L41: =ROUND((G41+(G41*H41))*I41,0) -> 0 | P41: =L41-N41-O41 -> 0 | Q41: =IF(L41="","",IF(L41<7500,"NON","OUI")) -> NON | S41: =IF(L41="","",IF(L41<2500,"Validation unique",IF(L41<=15000,"Validation partielle","Validation complète"))) -> Validation unique | V41: =T41*U41 -> 0
L42: =ROUND((G42+(G42*H42))*I42,0) -> 0 | P42: =L42-N42-O42 -> 0 | Q42: =IF(L42="","",IF(L42<7500,"NON","OUI")) -> NON | S42: =IF(L42="","",IF(L42<2500,"Validation unique",IF(L42<=15000,"Validation partielle","Validation complète"))) -> Validation unique | V42: =T42*U42 -> 0
L43: =ROUND((G43+(G43*H43))*I43,0) -> 0 | P43: =L43-N43-O43 -> 0 | Q43: =IF(L43="","",IF(L43<7500,"NON","OUI")) -> NON | S43: =IF(L43="","",IF(L43<2500,"Validation unique",IF(L43<=15000,"Validation partielle","Validation complète"))) -> Validation unique | V43: =T43*U43 -> 0
L44: =ROUND((G44+(G44*H44))*I44,0) -> 0 | P44: =L44-N44-O44 -> 0 | Q44: =IF(L44="","",IF(L44<7500,"NON","OUI")) -> NON | S44: =IF(L44="","",IF(L44<2500,"Validation unique",IF(L44<=15000,"Validation partielle","Validation complète"))) -> Validation unique | V44: =T44*U44 -> 0
L45: =ROUND((G45+(G45*H45))*I45,0) -> 0 | P45: =L45-N45-O45 -> 0 | Q45: =IF(L45="","",IF(L45<7500,"NON","OUI")) -> NON | S45: =IF(L45="","",IF(L45<2500,"Validation unique",IF(L45<=15000,"Validation partielle","Validation complète"))) -> Validation unique | V45: =T45*U45 -> 0
L46: =ROUND((G46+(G46*H46))*I46,0) -> 0 | P46: =L46-N46-O46 -> 0 | Q46: =IF(L46="","",IF(L46<7500,"NON","OUI")) -> NON | S46: =IF(L46="","",IF(L46<2500,"Validation unique",IF(L46<=15000,"Validation partielle","Validation complète"))) -> Validation unique | V46: =T46*U46 -> 0
L47: =ROUND((G47+(G47*H47))*I47,0) -> 0 | P47: =L47-N47-O47 -> 0 | Q47: =IF(L47="","",IF(L47<7500,"NON","OUI")) -> NON | S47: =IF(L47="","",IF(L47<2500,"Validation unique",IF(L47<=15000,"Validation partielle","Validation complète"))) -> Validation unique | V47: =T47*U47 -> 0
A48: FRAIS DE DÉPLACEMENT ET DE SÉJOUR DU DEMANDEUR ET DE SES PARTENAIRES (selon les barèmes en vigueur) | S48: FRAIS DE DÉPLACEMENTS
A49: Catégorie de dépenses | D49: Région | G49: Nombre | H49: Coût unitaire | I49: Raisons | L49: =L35 -> Montant avant taxes | M49: Espèce | N49: Nature | O49: Autre contribution gouvernementale | P49: Aide financière demandée au programme | Q49: Facture exigée
A50: Déjeuner | L50: =G50*H50 -> 0 | N50: =M36 -> Sans objet | P50: =L50-M50-O50 -> 0 | Q50: =IF(L50="","",IF(L50<2500,"NON","OUI")) -> NON | S50: =IF(L50="","",IF(L50<2500,"Validation unique",IF(L50<=15000,"Validation partielle","Validation complète"))) -> Validation unique | V50: =T50*U50 -> 0
A51: Diner | L51: =G51*H51 -> 0 | P51: =L51-M51-O51 -> 0 | Q51: =IF(L51="","",IF(L51<2500,"NON","OUI")) -> NON | S51: =IF(L51="","",IF(L51<2500,"Validation unique",IF(L51<=15000,"Validation partielle","Validation complète"))) -> Validation unique | V51: =T51*U51 -> 0
A52: Souper | L52: =G52*H52 -> 0 | P52: =L52-M52-O52 -> 0 | Q52: =IF(L52="","",IF(L52<2500,"NON","OUI")) -> NON | S52: =IF(L52="","",IF(L52<2500,"Validation unique",IF(L52<=15000,"Validation partielle","Validation complète"))) -> Validation unique | V52: =T52*U52 -> 0
A53: Frais kilométrique | L53: =G53*H53 -> 0 | P53: =L53-M53-O53 -> 0 | Q53: =IF(L53="","",IF(L53<2500,"NON","OUI")) -> NON | S53: =IF(L53="","",IF(L53<2500,"Validation unique",IF(L53<=15000,"Validation partielle","Validation complète"))) -> Validation unique | V53: =T53*U53 -> 0
A54: Nuités | L54: =G54*H54 -> 0 | P54: =L54-M54-O54 -> 0 | Q54: =IF(L54="","",IF(L54<2500,"NON","OUI")) -> NON | S54: =IF(L54="","",IF(L54<2500,"Validation unique",IF(L54<=15000,"Validation partielle","Validation complète"))) -> Validation unique
A55: Autres dépenses de déplacement - préciser | L55: =G55*H55 -> 0 | P55: =L55-M55-O55 -> 0 | Q55: =IF(L55="","",IF(L55<2500,"NON","OUI")) -> NON | S55: =IF(L55="","",IF(L55<2500,"Validation unique",IF(L55<=15000,"Validation partielle","Validation complète"))) -> Validation unique | V55: =T55*U55 -> 0
A56: FRAIS ADMINISTRATIFS | S56: FRAIS ADMINISTRATIFS
L57: =L49 -> Montant avant taxes | M57: Espèce | N57: Nature | O57: Autre contribution gouvernementale | P57: Aide financière demandée au programme
K58: Frais administratifs | M58: =M36 -> Sans objet | P58: =L58-O58 -> 0 | V58: =T58*U58 -> 0
L59: Total avant taxes | M59: Total des contributions en espèces | N59: Total des contributions en nature | O59: Total des contributions gouv. | P59: Total de l'aide financière demandée | S59: TOTAL | T59: =SUM(T13:T58) -> 0 | V59: =SUM(V13:V58) -> 0
J60: TOTAL DE LA RÉCLAMATION 1 | L60: =SUM(L13:L33,L36:L47,L50:L55,L58) -> 0 | M60: =SUM(M13:M33,M50:M55) -> 0 | N60: =SUM(N36:N47,N58) -> 0 | O60: =SUM(O13:O33,O36:O47,O50:O55,O58) -> 0 | P60: =SUM(P13:P33,P36:P47,P50:P55,P58) -> 0 | S60: Commentaires de l'analyste:
E61: Total (% des dépenses) | L61: =IF($L$60>0,L60/($L$60),0) -> 0 | M61: =IF(L60>0,M60/L60,0) -> 0 | N61: =IF(L60>0,N60/L60,0) -> 0 | O61: =IF(L60>0,O60/L60,0) -> 0 | P61: =IFERROR(P60/L60,0) -> 0 | S61: Aide financière offerte (lettre d'offre) | V61: =K4 -> 0
S63: Montant versé à la signature (avance) | V63: =N5 -> 0
A64: * Le montant de l'aide financière offerte est inscrit dans la lettre d'offre transmise par le Ministre
A65: Autres documents | S65: Montant résiduel à verser | V65: =V61-V63 -> 0
A66: Commentaires du bénéficiaire
S67: Versement pour cette réclamation | V67: =V59-V63 -> 0
A69: FALSE | B69: J'atteste que les montants inscrits correcpondent à la somme, avant taxes, réellement déboursée et encourue aux fins du projet accepté dans le cadre du programme mentionné en en-tête. De plus, je joins au formulaire une copie de chaque facture exigée et j'en certifie l'authenticité. | S69: Solde à verser | V69: =V61-V63-V67 -> 0
A70: FALSE | B70: Je déclare que tous les renseignements fournis dans le présent formulaire sont véridiques et complets. Je comprends que toute aide financière versée à ala suite du dépôt du présent formulaire pourra faire l'objet d'une vérification.
A71: FALSE | B71: Je m'engage à conserver toutes les factures et les pièces justificatives originales jusqu'à cinq (5) ans après le dernier versement de l'aide financière ou jusqu'au règlement des litiges et réclamations, selon la plus tardive des deux dates. | S71: Vérification faite par :
A72: FALSE | B72: J'ai informé le Ministère de toute somme d'argent reçue ou à recevoir d'un autre ministère ou organisme gouvernemental, en lien avec le présent projet pour lequel je reçois une aide financière.
A73: FALSE | B73: Je confirme, par la transmission du présent document, l'acceptation des dispositions du présent engagement et certifie disposer de l'autorité compétente pour agir à titre de représentant du demandeur, le cas échéant. | S73: Date:
B75: Nom du demandeur ou son représentant | D75: ** Inscrire le nom complet - Aucune signature n'est requise ** | J75: Date | K75: 202X-XX-XX | S75: Validation des conditions d'admissibilités
S77: Preuves pour 1ère réclamation | V77: Structure de financement confirmée
V78: Mise de fonds de l'entreprise (émission de capital actions si applicable)
V79: Autres conditions : à préciser
S80: Recommandé par : | W80: Date :
S81: Traité par : | W81: Date :
S82: Autorisé par : | W82: Date :
S83: ** Si réclamation finale, assurer-vous que le bilan est dûment complété et que les indicateurs sont inscrits dans l'onglet "Formulaire de décaissement **

Sheet Réclamation 2
A1: PROGRAMME DE DÉVELOPPEMENT TERRITORIAL ET SECTORIEL Réclamation 2 | R1: SECTION A MASQUER POUR LE BÉNÉFICIAIRE
A3: Titre du projet | B3: ='Coût Structure de financement'!B3 -> 0 | I3: Section réservée au ministère | S3: Validation des pìèces justificatives | V3: Validation des salaires Pour les salaires de 7 500 $ et plus, validez 70% et si le seuil de 70% est atteint, cessez la validation. Si tous les salaires sont moins de 7 500 $ et toutes les factures sont moins de 2 500 $, vérifiez la pièce justificative la plus élevée.
I4: Aide financière octroyée | K4: ='Coût Structure de financement'!L8 -> 0 | L4: No de dossier | N4: ='Coût Structure de financement'!L4 -> 0 | S4: Validation complète 70 % | T4: > 15 000 $
A5: Volet | B5: ='Coût Structure de financement'!B7 -> (À sélectionner) | I5: Dépenses admissibles | K5: ='Coût Structure de financement'!#REF! -> #REF! | L5: Avance | S5: Validation partielle | T5: 2 500 $ à 15 000 $ | V5: Validation complète 70 % | X5: Salaire ≥ 7 500 $
A6: Demandeur | B6: ='Coût Structure de financement'!B5 -> 0 | I6: Maximum de cumul des aides gouvernementales | K6: ='Coût Structure de financement'!H7 -> 0 | L6: Date d'admissibilité des dépenses | S6: Validation unique | T6: Moins de 2 500 $ | V6: Aucune validation | X6: < 7 500$
A7: Bonification ïles-de la Madeleine | B7: ='Coût Structure de financement'!B8 -> (À sélectionner) | I7: Taux maximum d'aide financière admissible octroyé | K7: ='[3]Coût Structure de financement'!I7 -> 0.8 | S7: ** En tout temps, référez-vous à la Directive sur le traitement des demandes de réclamations des aides financières.
A9: SECTION À REMPLIR PAR LE BÉNÉFICIAIRE
A10: DÉPENSES RÉELLES ADMISSIBLES - appuyées par une facture | S10: DÉPENSES
A11: Date | B11: Numéro de facture | C11: Nom du fournisseur | E11: Description | H11: Catégorie | L11: Montant avant taxes | M11: Contribution du demandeur ou des partenaires | O11: Autre contribution gouvernementale | P11: Aide financière demandée au programme | Q11: Facture exigée | S11: Action requise | T11: Montant admissible (montant de la colonne L) | U11: % | V11: Aide maximale | W11: Commentaires
M12: Espèce | N12: Nature
P13: =L13-M13-O13 -> 0 | Q13: =IF(L13="","",IF(L13<2500,"NON","OUI")) | S13: =IF(L13="","",IF(L13<2500,"Validation unique",IF(L13<=15000,"Validation partielle","Validation complète"))) | V13: =T13*U13 -> 0
H14: Frais de location | P14: =L14-M14-O14 -> 0 | Q14: =IF(L14="","",IF(L14<2500,"NON","OUI")) | S14: =IF(L14="","",IF(L14<2500,"Validation unique",IF(L14<=15000,"Validation partielle","Validation complète"))) | V14: =T14*U14 -> 0
P15: =L15-M15-O15 -> 0 | Q15: =IF(L15="","",IF(L15<2500,"NON","OUI")) | S15: =IF(L15="","",IF(L15<2500,"Validation unique",IF(L15<=15000,"Validation partielle","Validation complète"))) | V15: =T15*U15 -> 0
P16: =L16-M16-O16 -> 0 | Q16: =IF(L16="","",IF(L16<2500,"NON","OUI")) | S16: =IF(L16="","",IF(L16<2500,"Validation unique",IF(L16<=15000,"Validation partielle","Validation complète"))) | V16: =T16*U16 -> 0
P17: =L17-M17-O17 -> 0 | Q17: =IF(L17="","",IF(L17<2500,"NON","OUI")) | S17: =IF(L17="","",IF(L17<2500,"Validation unique",IF(L17<=15000,"Validation partielle","Validation complète"))) | V17: =T17*U17 -> 0
P18: =L18-M18-O18 -> 0 | Q18: =IF(L18="","",IF(L18<2500,"NON","OUI")) | S18: =IF(L18="","",IF(L18<2500,"Validation unique",IF(L18<=15000,"Validation partielle","Validation complète"))) | V18: =T18*U18 -> 0
P19: =L19-M19-O19 -> 0 | S19: =IF(L19="","",IF(L19<2500,"Validation unique",IF(L19<=15000,"Validation partielle","Validation complète"))) | V19: =T19*U19 -> 0
P20: =L20-M20-O20 -> 0 | S20: =IF(L20="","",IF(L20<2500,"Validation unique",IF(L20<=15000,"Validation partielle","Validation complète"))) | V20: =T20*U20 -> 0
P21: =L21-M21-O21 -> 0 | S21: =IF(L21="","",IF(L21<2500,"Validation unique",IF(L21<=15000,"Validation partielle","Validation complète"))) | V21: =T21*U21 -> 0
P22: =L22-M22-O22 -> 0 | S22: =IF(L22="","",IF(L22<2500,"Validation unique",IF(L22<=15000,"Validation partielle","Validation complète"))) | V22: =T22*U22 -> 0
P23: =L23-M23-O23 -> 0 | Q23: =IF(L23="","",IF(L23<2500,"NON","OUI")) | S23: =IF(L23="","",IF(L23<2500,"Validation unique",IF(L23<=15000,"Validation partielle","Validation complète"))) | V23: =T23*U23 -> 0
P24: =L24-M24-O24 -> 0 | Q24: =IF(L24="","",IF(L24<2500,"NON","OUI")) | S24: =IF(L24="","",IF(L24<2500,"Validation unique",IF(L24<=15000,"Validation partielle","Validation complète"))) | V24: =T24*U24 -> 0
P25: =L25-M25-O25 -> 0 | Q25: =IF(L25="","",IF(L25<2500,"NON","OUI")) | S25: =IF(L25="","",IF(L25<2500,"Validation unique",IF(L25<=15000,"Validation partielle","Validation complète"))) | V25: =T25*U25 -> 0
P26: =L26-M26-O26 -> 0 | Q26: =IF(L26="","",IF(L26<2500,"NON","OUI")) | S26: =IF(L26="","",IF(L26<2500,"Validation unique",IF(L26<=15000,"Validation partielle","Validation complète"))) | V26: =T26*U26 -> 0
P27: =L27-M27-O27 -> 0 | Q27: =IF(L27="","",IF(L27<2500,"NON","OUI")) | S27: =IF(L27="","",IF(L27<2500,"Validation unique",IF(L27<=15000,"Validation partielle","Validation complète"))) | V27: =T27*U27 -> 0
P28: =L28-M28-O28 -> 0 | Q28: =IF(L28="","",IF(L28<2500,"NON","OUI")) | S28: =IF(L28="","",IF(L28<2500,"Validation unique",IF(L28<=15000,"Validation partielle","Validation complète"))) | V28: =T28*U28 -> 0
P29: =L29-M29-O29 -> 0 | Q29: =IF(L29="","",IF(L29<2500,"NON","OUI")) | S29: =IF(L29="","",IF(L29<2500,"Validation unique",IF(L29<=15000,"Validation partielle","Validation complète"))) | V29: =T29*U29 -> 0
P30: =L30-M30-O30 -> 0 | Q30: =IF(L30="","",IF(L30<2500,"NON","OUI")) | S30: =IF(L30="","",IF(L30<2500,"Validation unique",IF(L30<=15000,"Validation partielle","Validation complète"))) | V30: =T30*U30 -> 0
P31: =L31-M31-O31 -> 0 | Q31: =IF(L31="","",IF(L31<2500,"NON","OUI")) | S31: =IF(L31="","",IF(L31<2500,"Validation unique",IF(L31<=15000,"Validation partielle","Validation complète"))) | V31: =T31*U31 -> 0
P32: =L32-M32-O32 -> 0 | Q32: =IF(L32="","",IF(L32<2500,"NON","OUI")) | S32: =IF(L32="","",IF(L32<2500,"Validation unique",IF(L32<=15000,"Validation partielle","Validation complète"))) | V32: =T32*U32 -> 0
P33: =L33-M33-O33 -> 0 | Q33: =IF(L33="","",IF(L33<2500,"NON","OUI")) | S33: =IF(L33="","",IF(L33<2500,"Validation unique",IF(L33<=15000,"Validation partielle","Validation complète"))) | V33: =T33*U33 -> 0
A34: RÉMUNÉRATION DU PERSONNEL INTERNE | S34: RÉMUNÉRATION DU PERSONNEL
A35: Nom de l'employé | E35: Catégorie d'emploi | G35: Taux horaire réel ($/ heure) | H35: Charges sociales (%) | I35: Nbr heures travaillées | J35: Périodes travaillées | L35: =L11 -> Montant avant taxes | M35: Espèce | N35: Nature | O35: Autre contribution gouvernementale | P35: Aide financière demandée au programme | Q35: Pièce justificative
M36: Sans objet | P36: =L36-N36-O36 -> 0 | Q36: =IF(L36="","",IF(L36<7500,"NON","OUI")) | S36: =IF(L36="","",IF(L36<2500,"Validation unique",IF(L36<=15000,"Validation partielle","Validation complète"))) | V36: =T36*U36 -> 0
P37: =L37-N37-O37 -> 0 | Q37: =IF(L37="","",IF(L37<7500,"NON","OUI")) | S37: =IF(L37="","",IF(L37<2500,"Validation unique",IF(L37<=15000,"Validation partielle","Validation complète"))) | V37: =T37*U37 -> 0
P38: =L38-N38-O38 -> 0 | Q38: =IF(L38="","",IF(L38<7500,"NON","OUI")) | S38: =IF(L38="","",IF(L38<2500,"Validation unique",IF(L38<=15000,"Validation partielle","Validation complète"))) | V38: =T38*U38 -> 0
P39: =L39-N39-O39 -> 0 | Q39: =IF(L39="","",IF(L39<7500,"NON","OUI")) | S39: =IF(L39="","",IF(L39<2500,"Validation unique",IF(L39<=15000,"Validation partielle","Validation complète"))) | V39: =T39*U39 -> 0
P40: =L40-N40-O40 -> 0 | Q40: =IF(L40="","",IF(L40<7500,"NON","OUI")) | S40: =IF(L40="","",IF(L40<2500,"Validation unique",IF(L40<=15000,"Validation partielle","Validation complète"))) | V40: =T40*U40 -> 0
P41: =L41-N41-O41 -> 0 | Q41: =IF(L41="","",IF(L41<7500,"NON","OUI")) | S41: =IF(L41="","",IF(L41<2500,"Validation unique",IF(L41<=15000,"Validation partielle","Validation complète"))) | V41: =T41*U41 -> 0
P42: =L42-N42-O42 -> 0 | Q42: =IF(L42="","",IF(L42<7500,"NON","OUI")) | S42: =IF(L42="","",IF(L42<2500,"Validation unique",IF(L42<=15000,"Validation partielle","Validation complète"))) | V42: =T42*U42 -> 0
P43: =L43-N43-O43 -> 0 | Q43: =IF(L43="","",IF(L43<7500,"NON","OUI")) | S43: =IF(L43="","",IF(L43<2500,"Validation unique",IF(L43<=15000,"Validation partielle","Validation complète"))) | V43: =T43*U43 -> 0
P44: =L44-N44-O44 -> 0 | Q44: =IF(L44="","",IF(L44<7500,"NON","OUI")) | S44: =IF(L44="","",IF(L44<2500,"Validation unique",IF(L44<=15000,"Validation partielle","Validation complète"))) | V44: =T44*U44 -> 0
P45: =L45-N45-O45 -> 0 | Q45: =IF(L45="","",IF(L45<7500,"NON","OUI")) | S45: =IF(L45="","",IF(L45<2500,"Validation unique",IF(L45<=15000,"Validation partielle","Validation complète"))) | V45: =T45*U45 -> 0
P46: =L46-N46-O46 -> 0 | Q46: =IF(L46="","",IF(L46<7500,"NON","OUI")) | S46: =IF(L46="","",IF(L46<2500,"Validation unique",IF(L46<=15000,"Validation partielle","Validation complète"))) | V46: =T46*U46 -> 0
P47: =L47-N47-O47 -> 0 | Q47: =IF(L47="","",IF(L47<7500,"NON","OUI")) | S47: =IF(L47="","",IF(L47<2500,"Validation unique",IF(L47<=15000,"Validation partielle","Validation complète"))) | V47: =T47*U47 -> 0
A48: FRAIS DE DÉPLACEMENT ET DE SÉJOUR DU DEMANDEUR ET DE SES PARTENAIRES (selon les barèmes en vigueur) | S48: FRAIS DE DÉPLACEMENTS
A49: Catégorie de dépenses | D49: Région | G49: Nombre | H49: Coût unitaire | I49: Raisons | L49: =L35 -> Montant avant taxes | M49: Espèce | N49: Nature | O49: Autre contribution gouvernementale | P49: Aide financière demandée au programme | Q49: Facture exigée
A50: Déjeuner | L50: =G50*H50 -> 0 | N50: =M36 -> Sans objet | P50: =L50-M50-O50 -> 0 | Q50: =IF(L50="","",IF(L50<2500,"NON","OUI")) -> NON | S50: =IF(L50="","",IF(L50<2500,"Validation unique",IF(L50<=15000,"Validation partielle","Validation complète"))) -> Validation unique | V50: =T50*U50 -> 0
A51: Diner | L51: =G51*H51 -> 0 | P51: =L51-M51-O51 -> 0 | Q51: =IF(L51="","",IF(L51<2500,"NON","OUI")) -> NON | S51: =IF(L51="","",IF(L51<2500,"Validation unique",IF(L51<=15000,"Validation partielle","Validation complète"))) -> Validation unique | V51: =T51*U51 -> 0
A52: Souper | L52: =G52*H52 -> 0 | P52: =L52-M52-O52 -> 0 | Q52: =IF(L52="","",IF(L52<2500,"NON","OUI")) -> NON | S52: =IF(L52="","",IF(L52<2500,"Validation unique",IF(L52<=15000,"Validation partielle","Validation complète"))) -> Validation unique | V52: =T52*U52 -> 0
A53: Frais kilométrique | L53: =G53*H53 -> 0 | P53: =L53-M53-O53 -> 0 | Q53: =IF(L53="","",IF(L53<2500,"NON","OUI")) -> NON | S53: =IF(L53="","",IF(L53<2500,"Validation unique",IF(L53<=15000,"Validation partielle","Validation complète"))) -> Validation unique | V53: =T53*U53 -> 0
A54: Nuités | L54: =G54*H54 -> 0 | P54: =L54-M54-O54 -> 0 | Q54: =IF(L54="","",IF(L54<2500,"NON","OUI")) -> NON | S54: =IF(L54="","",IF(L54<2500,"Validation unique",IF(L54<=15000,"Validation partielle","Validation complète"))) -> Validation unique
A55: Autres dépenses de déplacement - préciser | L55: =G55*H55 -> 0 | P55: =L55-M55-O55 -> 0 | Q55: =IF(L55="","",IF(L55<2500,"NON","OUI")) -> NON | S55: =IF(L55="","",IF(L55<2500,"Validation unique",IF(L55<=15000,"Validation partielle","Validation complète"))) -> Validation unique | V55: =T55*U55 -> 0
A56: FRAIS ADMINISTRATIFS | S56: FRAIS ADMINISTRATIFS
L57: =L49 -> Montant avant taxes | M57: Espèce | N57: Nature | O57: Autre contribution gouvernementale | P57: Aide financière demandée au programme
M58: =M36 -> Sans objet | P58: =L58-N58-O58 -> 0 | V58: =T58*U58 -> 0
L59: Total avant taxes | M59: Total des contributions en espèces | N59: Total des contributions en nature | O59: Total des contributions gouv. | P59: Total de l'aide financière demandée | S59: TOTAL | T59: =SUM(T13:T58) -> 0 | V59: =SUM(V13:V58) -> 0
J60: TOTAL DE LA RÉCLAMATION 2 | L60: =SUM(L13:L33,L36:L47,L50:L55,L58) -> 0 | M60: =SUM(M13:M33,M50:M55) -> 0 | N60: =SUM(N36:N47,N58) -> 0 | O60: =SUM(O13:O33,O36:O47,O50:O55,O58) -> 0 | P60: =SUM(P13:P33,P36:P47,P50:P55,P58) -> 0 | S60: Commentaires de l'analyste:
E61: Total (% des dépenses) | L61: =IF($L$60>0,L60/($L$60),0) -> 0 | M61: =IF(L60>0,M60/L60,0) -> 0 | N61: =IF(L60>0,N60/L60,0) -> 0 | O61: =IF(L60>0,O60/L60,0) -> 0 | P61: =IFERROR(P60/L60,0) -> 0 | S61: Aide financière offerte (lettre d'offre) | V61: =K4 -> 0
S63: Montant versé à la signature (avance) | V63: =N5 -> 0
A64: * Le montant de l'aide financière offerte est inscrit dans la lettre d'offre transmise par le Ministre
A65: Autres documents | S65: Montant résiduel à verser | V65: =V61-V63 -> 0
A66: Commentaires du bénéficiaire
S67: Versement pour cette réclamation | V67: =V59-V63 -> 0
A69: FALSE | B69: J'atteste que les montants inscrits correcpondent à la somme, avant taxes, réellement déboursée et encourue aux fins du projet accepté dans le cadre du programme mentionné en en-tête. De plus, je joins au formulaire une copie de chaque facture exigée et j'en certifie l'authenticité. | S69: Solde à verser | V69: =V61-V63-V67 -> 0
A70: FALSE | B70: Je déclare que tous les renseignements fournis dans le présent formulaire sont véridiques et complets. Je comprends que toute aide financière versée à ala suite du dépôt du présent formulaire pourra faire l'objet d'une vérification.
A71: FALSE | B71: Je m'engage à conserver toutes les factures et les pièces justificatives originales jusqu'à cinq (5) ans après le dernier versement de l'aide financière ou jusqu'au règlement des litiges et réclamations, selon la plus tardive des deux dates. | S71: Vérification faite par :
A72: FALSE | B72: J'ai informé le Ministère de toute somme d'argent reçue ou à recevoir d'un autre ministère ou organisme gouvernemental, en lien avec le présent projet pour lequel je reçois une aide financière.
A73: FALSE | B73: Je confirme, par la transmission du présent document, l'acceptation des dispositions du présent engagement et certifie disposer de l'autorité compétente pour agir à titre de représentant du demandeur, le cas échéant. | S73: Date:
B75: Nom du demandeur ou son représentant | D75: ** Inscrire le nom complet - Aucune signature n'est requise ** | J75: Date | K75: 202X-XX-XX | S75: Validation des conditions d'admissibilités
S77: Preuves pour 1ère réclamation | V77: Structure de financement confirmée
V78: Mise de fonds de l'entreprise (émission de capital actions si applicable)
V79: Autres conditions : à préciser
S80: Recommandé par : | W80: Date :
S81: Traité par : | W81: Date :
S82: Autorisé par : | W82: Date :
S83: ** Si réclamation finale, assurer-vous que le bilan est dûment complété et que les indicateurs sont inscrits dans l'onglet "Formulaire de décaissement **

Sheet Réclamation 3
A1: PROGRAMME DE DÉVELOPPEMENT TERRITORIAL ET SECTORIEL Réclamation 3 | R1: SECTION A MASQUER POUR LE BÉNÉFICIAIRE
A3: Titre du projet | B3: ='Coût Structure de financement'!B3 -> 0 | I3: Section réservée au ministère | S3: Validation des pìèces justificatives | V3: Validation des salaires Pour les salaires de 7 500 $ et plus, validez 70% et si le seuil de 70% est atteint, cessez la validation. Si tous les salaires sont moins de 7 500 $ et toutes les factures sont moins de 2 500 $, vérifiez la pièce justificative la plus élevée.
I4: Aide financière octroyée | K4: ='Coût Structure de financement'!L8 -> 0 | L4: No de dossier | N4: ='Coût Structure de financement'!L4 -> 0 | S4: Validation complète 70 % | T4: > 15 000 $
A5: Volet | B5: ='Coût Structure de financement'!B7 -> (À sélectionner) | I5: Dépenses admissibles | K5: ='Coût Structure de financement'!#REF! -> #REF! | L5: Avance | S5: Validation partielle | T5: 2 500 $ à 15 000 $ | V5: Validation complète 70 % | X5: Salaire ≥ 7 500 $
A6: Demandeur | B6: ='Coût Structure de financement'!B5 -> 0 | I6: Maximum de cumul des aides gouvernementales | K6: ='Coût Structure de financement'!H7 -> 0 | L6: Date d'admissibilité des dépenses | S6: Validation unique | T6: Moins de 2 500 $ | V6: Aucune validation | X6: < 7 500$
A7: Bonification ïles-de la Madeleine | B7: ='Coût Structure de financement'!B8 -> (À sélectionner) | I7: Taux maximum d'aide financière admissible octroyé | K7: ='[3]Coût Structure de financement'!I7 -> 0.8 | S7: ** En tout temps, référez-vous à la Directive sur le traitement des demandes de réclamations des aides financières.
A9: SECTION À REMPLIR PAR LE BÉNÉFICIAIRE
A10: DÉPENSES RÉELLES ADMISSIBLES - appuyées par une facture | S10: DÉPENSES
A11: Date | B11: Numéro de facture | C11: Nom du fournisseur | E11: Description | H11: Catégorie | L11: Montant avant taxes | M11: Contribution du demandeur ou des partenaires | O11: Autre contribution gouvernementale | P11: Aide financière demandée au programme | Q11: Facture exigée | S11: Action requise | T11: Montant admissible (montant de la colonne L) | U11: % | V11: Aide maximale | W11: Commentaires
M12: Espèce | N12: Nature
P13: =L13-M13-O13 -> 0 | Q13: =IF(L13="","",IF(L13<2500,"NON","OUI")) | S13: =IF(L13="","",IF(L13<2500,"Validation unique",IF(L13<=15000,"Validation partielle","Validation complète"))) | V13: =T13*U13 -> 0
P14: =L14-M14-O14 -> 0 | Q14: =IF(L14="","",IF(L14<2500,"NON","OUI")) | S14: =IF(L14="","",IF(L14<2500,"Validation unique",IF(L14<=15000,"Validation partielle","Validation complète"))) | V14: =T14*U14 -> 0
P15: =L15-M15-O15 -> 0 | Q15: =IF(L15="","",IF(L15<2500,"NON","OUI")) | S15: =IF(L15="","",IF(L15<2500,"Validation unique",IF(L15<=15000,"Validation partielle","Validation complète"))) | V15: =T15*U15 -> 0
P16: =L16-M16-O16 -> 0 | Q16: =IF(L16="","",IF(L16<2500,"NON","OUI")) | S16: =IF(L16="","",IF(L16<2500,"Validation unique",IF(L16<=15000,"Validation partielle","Validation complète"))) | V16: =T16*U16 -> 0
H17: Autres frais et dépenses approuvées | P17: =L17-M17-O17 -> 0 | Q17: =IF(L17="","",IF(L17<2500,"NON","OUI")) | S17: =IF(L17="","",IF(L17<2500,"Validation unique",IF(L17<=15000,"Validation partielle","Validation complète"))) | V17: =T17*U17 -> 0
P18: =L18-M18-O18 -> 0 | Q18: =IF(L18="","",IF(L18<2500,"NON","OUI")) | S18: =IF(L18="","",IF(L18<2500,"Validation unique",IF(L18<=15000,"Validation partielle","Validation complète"))) | V18: =T18*U18 -> 0
P19: =L19-M19-O19 -> 0 | S19: =IF(L19="","",IF(L19<2500,"Validation unique",IF(L19<=15000,"Validation partielle","Validation complète"))) | V19: =T19*U19 -> 0
P20: =L20-M20-O20 -> 0 | S20: =IF(L20="","",IF(L20<2500,"Validation unique",IF(L20<=15000,"Validation partielle","Validation complète"))) | V20: =T20*U20 -> 0
P21: =L21-M21-O21 -> 0 | S21: =IF(L21="","",IF(L21<2500,"Validation unique",IF(L21<=15000,"Validation partielle","Validation complète"))) | V21: =T21*U21 -> 0
P22: =L22-M22-O22 -> 0 | S22: =IF(L22="","",IF(L22<2500,"Validation unique",IF(L22<=15000,"Validation partielle","Validation complète"))) | V22: =T22*U22 -> 0
P23: =L23-M23-O23 -> 0 | Q23: =IF(L23="","",IF(L23<2500,"NON","OUI")) | S23: =IF(L23="","",IF(L23<2500,"Validation unique",IF(L23<=15000,"Validation partielle","Validation complète"))) | V23: =T23*U23 -> 0
P24: =L24-M24-O24 -> 0 | Q24: =IF(L24="","",IF(L24<2500,"NON","OUI")) | S24: =IF(L24="","",IF(L24<2500,"Validation unique",IF(L24<=15000,"Validation partielle","Validation complète"))) | V24: =T24*U24 -> 0
P25: =L25-M25-O25 -> 0 | Q25: =IF(L25="","",IF(L25<2500,"NON","OUI")) | S25: =IF(L25="","",IF(L25<2500,"Validation unique",IF(L25<=15000,"Validation partielle","Validation complète"))) | V25: =T25*U25 -> 0
P26: =L26-M26-O26 -> 0 | Q26: =IF(L26="","",IF(L26<2500,"NON","OUI")) | S26: =IF(L26="","",IF(L26<2500,"Validation unique",IF(L26<=15000,"Validation partielle","Validation complète"))) | V26: =T26*U26 -> 0
P27: =L27-M27-O27 -> 0 | Q27: =IF(L27="","",IF(L27<2500,"NON","OUI")) | S27: =IF(L27="","",IF(L27<2500,"Validation unique",IF(L27<=15000,"Validation partielle","Validation complète"))) | V27: =T27*U27 -> 0
P28: =L28-M28-O28 -> 0 | Q28: =IF(L28="","",IF(L28<2500,"NON","OUI")) | S28: =IF(L28="","",IF(L28<2500,"Validation unique",IF(L28<=15000,"Validation partielle","Validation complète"))) | V28: =T28*U28 -> 0
P29: =L29-M29-O29 -> 0 | Q29: =IF(L29="","",IF(L29<2500,"NON","OUI")) | S29: =IF(L29="","",IF(L29<2500,"Validation unique",IF(L29<=15000,"Validation partielle","Validation complète"))) | V29: =T29*U29 -> 0
P30: =L30-M30-O30 -> 0 | Q30: =IF(L30="","",IF(L30<2500,"NON","OUI")) | S30: =IF(L30="","",IF(L30<2500,"Validation unique",IF(L30<=15000,"Validation partielle","Validation complète"))) | V30: =T30*U30 -> 0
P31: =L31-M31-O31 -> 0 | Q31: =IF(L31="","",IF(L31<2500,"NON","OUI")) | S31: =IF(L31="","",IF(L31<2500,"Validation unique",IF(L31<=15000,"Validation partielle","Validation complète"))) | V31: =T31*U31 -> 0
P32: =L32-M32-O32 -> 0 | Q32: =IF(L32="","",IF(L32<2500,"NON","OUI")) | S32: =IF(L32="","",IF(L32<2500,"Validation unique",IF(L32<=15000,"Validation partielle","Validation complète"))) | V32: =T32*U32 -> 0
P33: =L33-M33-O33 -> 0 | Q33: =IF(L33="","",IF(L33<2500,"NON","OUI")) | S33: =IF(L33="","",IF(L33<2500,"Validation unique",IF(L33<=15000,"Validation partielle","Validation complète"))) | V33: =T33*U33 -> 0
A34: RÉMUNÉRATION DU PERSONNEL INTERNE | S34: RÉMUNÉRATION DU PERSONNEL
A35: Nom de l'employé | E35: Catégorie d'emploi | G35: Taux horaire réel ($/ heure) | H35: Charges sociales (%) | I35: Nbr heures travaillées | J35: Périodes travaillées | L35: =L11 -> Montant avant taxes | M35: Espèce | N35: Nature | O35: Autre contribution gouvernementale | P35: Aide financière demandée au programme | Q35: Pièce justificative
M36: Sans objet | P36: =L36-N36-O36 -> 0 | Q36: =IF(L36="","",IF(L36<7500,"NON","OUI")) | S36: =IF(L36="","",IF(L36<2500,"Validation unique",IF(L36<=15000,"Validation partielle","Validation complète"))) | V36: =T36*U36 -> 0
P37: =L37-N37-O37 -> 0 | Q37: =IF(L37="","",IF(L37<7500,"NON","OUI")) | S37: =IF(L37="","",IF(L37<2500,"Validation unique",IF(L37<=15000,"Validation partielle","Validation complète"))) | V37: =T37*U37 -> 0
P38: =L38-N38-O38 -> 0 | Q38: =IF(L38="","",IF(L38<7500,"NON","OUI")) | S38: =IF(L38="","",IF(L38<2500,"Validation unique",IF(L38<=15000,"Validation partielle","Validation complète"))) | V38: =T38*U38 -> 0
P39: =L39-N39-O39 -> 0 | Q39: =IF(L39="","",IF(L39<7500,"NON","OUI")) | S39: =IF(L39="","",IF(L39<2500,"Validation unique",IF(L39<=15000,"Validation partielle","Validation complète"))) | V39: =T39*U39 -> 0
P40: =L40-N40-O40 -> 0 | Q40: =IF(L40="","",IF(L40<7500,"NON","OUI")) | S40: =IF(L40="","",IF(L40<2500,"Validation unique",IF(L40<=15000,"Validation partielle","Validation complète"))) | V40: =T40*U40 -> 0
P41: =L41-N41-O41 -> 0 | Q41: =IF(L41="","",IF(L41<7500,"NON","OUI")) | S41: =IF(L41="","",IF(L41<2500,"Validation unique",IF(L41<=15000,"Validation partielle","Validation complète"))) | V41: =T41*U41 -> 0
P42: =L42-N42-O42 -> 0 | Q42: =IF(L42="","",IF(L42<7500,"NON","OUI")) | S42: =IF(L42="","",IF(L42<2500,"Validation unique",IF(L42<=15000,"Validation partielle","Validation complète"))) | V42: =T42*U42 -> 0
P43: =L43-N43-O43 -> 0 | Q43: =IF(L43="","",IF(L43<7500,"NON","OUI")) | S43: =IF(L43="","",IF(L43<2500,"Validation unique",IF(L43<=15000,"Validation partielle","Validation complète"))) | V43: =T43*U43 -> 0
P44: =L44-N44-O44 -> 0 | Q44: =IF(L44="","",IF(L44<7500,"NON","OUI")) | S44: =IF(L44="","",IF(L44<2500,"Validation unique",IF(L44<=15000,"Validation partielle","Validation complète"))) | V44: =T44*U44 -> 0
P45: =L45-N45-O45 -> 0 | Q45: =IF(L45="","",IF(L45<7500,"NON","OUI")) | S45: =IF(L45="","",IF(L45<2500,"Validation unique",IF(L45<=15000,"Validation partielle","Validation complète"))) | V45: =T45*U45 -> 0
P46: =L46-N46-O46 -> 0 | Q46: =IF(L46="","",IF(L46<7500,"NON","OUI")) | S46: =IF(L46="","",IF(L46<2500,"Validation unique",IF(L46<=15000,"Validation partielle","Validation complète"))) | V46: =T46*U46 -> 0
P47: =L47-N47-O47 -> 0 | Q47: =IF(L47="","",IF(L47<7500,"NON","OUI")) | S47: =IF(L47="","",IF(L47<2500,"Validation unique",IF(L47<=15000,"Validation partielle","Validation complète"))) | V47: =T47*U47 -> 0
A48: FRAIS DE DÉPLACEMENT ET DE SÉJOUR DU DEMANDEUR ET DE SES PARTENAIRES (selon les barèmes en vigueur) | S48: FRAIS DE DÉPLACEMENTS
A49: Catégorie de dépenses | D49: Région | G49: Nombre | H49: Coût unitaire | I49: Raisons | L49: =L35 -> Montant avant taxes | M49: Espèce | N49: Nature | O49: Autre contribution gouvernementale | P49: Aide financière demandée au programme | Q49: Facture exigée
A50: Déjeuner | L50: =G50*H50 -> 0 | N50: =M36 -> Sans objet | P50: =L50-M50-O50 -> 0 | Q50: =IF(L50="","",IF(L50<2500,"NON","OUI")) -> NON | S50: =IF(L50="","",IF(L50<2500,"Validation unique",IF(L50<=15000,"Validation partielle","Validation complète"))) -> Validation unique | V50: =T50*U50 -> 0
A51: Diner | L51: =G51*H51 -> 0 | P51: =L51-M51-O51 -> 0 | Q51: =IF(L51="","",IF(L51<2500,"NON","OUI")) -> NON | S51: =IF(L51="","",IF(L51<2500,"Validation unique",IF(L51<=15000,"Validation partielle","Validation complète"))) -> Validation unique | V51: =T51*U51 -> 0
A52: Souper | L52: =G52*H52 -> 0 | P52: =L52-M52-O52 -> 0 | Q52: =IF(L52="","",IF(L52<2500,"NON","OUI")) -> NON | S52: =IF(L52="","",IF(L52<2500,"Validation unique",IF(L52<=15000,"Validation partielle","Validation complète"))) -> Validation unique | V52: =T52*U52 -> 0
A53: Frais kilométrique | L53: =G53*H53 -> 0 | P53: =L53-M53-O53 -> 0 | Q53: =IF(L53="","",IF(L53<2500,"NON","OUI")) -> NON | S53: =IF(L53="","",IF(L53<2500,"Validation unique",IF(L53<=15000,"Validation partielle","Validation complète"))) -> Validation unique | V53: =T53*U53 -> 0
A54: Nuités | L54: =G54*H54 -> 0 | P54: =L54-M54-O54 -> 0 | Q54: =IF(L54="","",IF(L54<2500,"NON","OUI")) -> NON | S54: =IF(L54="","",IF(L54<2500,"Validation unique",IF(L54<=15000,"Validation partielle","Validation complète"))) -> Validation unique
A55: Autres dépenses de déplacement - préciser | L55: =G55*H55 -> 0 | P55: =L55-M55-O55 -> 0 | Q55: =IF(L55="","",IF(L55<2500,"NON","OUI")) -> NON | S55: =IF(L55="","",IF(L55<2500,"Validation unique",IF(L55<=15000,"Validation partielle","Validation complète"))) -> Validation unique | V55: =T55*U55 -> 0
A56: FRAIS ADMINISTRATIFS | S56: FRAIS ADMINISTRATIFS
L57: =L49 -> Montant avant taxes | M57: Espèce | N57: Nature | O57: Autre contribution gouvernementale | P57: Aide financière demandée au programme
M58: =M36 -> Sans objet | P58: =L58-N58-O58 -> 0 | V58: =T58*U58 -> 0
L59: Total avant taxes | M59: Total des contributions en espèces | N59: Total des contributions en nature | O59: Total des contributions gouv. | P59: Total de l'aide financière demandée | S59: TOTAL | T59: =SUM(T13:T58) -> 0 | V59: =SUM(V13:V58) -> 0
J60: TOTAL DE LA RÉCLAMATION 3 | L60: =SUM(L13:L33,L36:L47,L50:L55,L58) -> 0 | M60: =SUM(M13:M33,M50:M55) -> 0 | N60: =SUM(N36:N47,N58) -> 0 | O60: =SUM(O13:O33,O36:O47,O50:O55,O58) -> 0 | P60: =SUM(P13:P33,P36:P47,P50:P55,P58) -> 0 | S60: Commentaires de l'analyste:
E61: Total (% des dépenses) | L61: =IF($L$60>0,L60/($L$60),0) -> 0 | M61: =IF(L60>0,M60/L60,0) -> 0 | N61: =IF(L60>0,N60/L60,0) -> 0 | O61: =IF(L60>0,O60/L60,0) -> 0 | P61: =IFERROR(P60/L60,0) -> 0 | S61: Aide financière offerte (lettre d'offre) | V61: =K4 -> 0
S63: Montant versé à la signature (avance) | V63: =N5 -> 0
A64: * Le montant de l'aide financière offerte est inscrit dans la lettre d'offre transmise par le Ministre
A65: Autres documents | S65: Montant résiduel à verser | V65: =V61-V63 -> 0
A66: Commentaires du bénéficiaire
S67: Versement pour cette réclamation | V67: =V59-V63 -> 0
A69: FALSE | B69: J'atteste que les montants inscrits correcpondent à la somme, avant taxes, réellement déboursée et encourue aux fins du projet accepté dans le cadre du programme mentionné en en-tête. De plus, je joins au formulaire une copie de chaque facture exigée et j'en certifie l'authenticité. | S69: Solde à verser | V69: =V61-V63-V67 -> 0
A70: FALSE | B70: Je déclare que tous les renseignements fournis dans le présent formulaire sont véridiques et complets. Je comprends que toute aide financière versée à ala suite du dépôt du présent formulaire pourra faire l'objet d'une vérification.
A71: FALSE | B71: Je m'engage à conserver toutes les factures et les pièces justificatives originales jusqu'à cinq (5) ans après le dernier versement de l'aide financière ou jusqu'au règlement des litiges et réclamations, selon la plus tardive des deux dates. | S71: Vérification faite par :
A72: FALSE | B72: J'ai informé le Ministère de toute somme d'argent reçue ou à recevoir d'un autre ministère ou organisme gouvernemental, en lien avec le présent projet pour lequel je reçois une aide financière.
A73: FALSE | B73: Je confirme, par la transmission du présent document, l'acceptation des dispositions du présent engagement et certifie disposer de l'autorité compétente pour agir à titre de représentant du demandeur, le cas échéant. | S73: Date:
B75: Nom du demandeur ou son représentant | D75: ** Inscrire le nom complet - Aucune signature n'est requise ** | J75: Date | K75: 202X-XX-XX | S75: Validation des conditions d'admissibilités
S77: Preuves pour 1ère réclamation | V77: Structure de financement confirmée
V78: Mise de fonds de l'entreprise (émission de capital actions si applicable)
V79: Autres conditions : à préciser
S80: Recommandé par : | W80: Date :
S81: Traité par : | W81: Date :
S82: Autorisé par : | W82: Date :
S83: ** Si réclamation finale, assurer-vous que le bilan est dûment complété et que les indicateurs sont inscrits dans l'onglet "Formulaire de décaissement **

Sheet Sommaire des réclamations
A1: Sommaire des réclamations
A2: Programme de développement territorial et sectoriel
A5: Titre du projet : | B5: ='Coût Structure de financement'!B3 -> 0 | F5: Numéro de dossier : | G5: ='Coût Structure de financement'!L4 -> 0
A8: Demandeur : | B8: ='Coût Structure de financement'!B7 -> (À sélectionner)
F10: Case ROUGE = Attention dépense non admissible
A12: Total des réclamations | D12: Montant avant taxes (colonne L) | E12: Contribution du demandeur ou des partenaires | G12: Autre contribution gouvernementale | H12: Aide financière demandée au programme (RÉCLAMATION - colonne T) | I12: Montant total admissible (DÉPART- colonne H) | J12: Montant résiduel d'aide demandée au programme | K12: % résiduel | L12: ATTENTION
A13: Poste budgétaire | E13: Espèce | F13: Nature
A14: Honoraires professionnels et contractuels | D14: =SUMIF('Réclamation 1'!$H$13:$H$33,'Sommaire des réclamations'!A14,'Réclamation 1'!$L$13:$L$33)+SUMIF('Réclamation 2'!$H$13:$H$33,'Sommaire des réclamations'!A14,'Réclamation 2'!$L$13:$L$33)+SUMIF('Réclamation 3'!$H$13:$H$33,'Sommaire des réclamations'!A14,'Réclamation 3'!$L$13:$L$33) -> 0 | E14: =SUMIF('Réclamation 1'!$H$13:$H$33,'Sommaire des réclamations'!A14,'Réclamation 1'!$M$13:$M$33)+SUMIF('Réclamation 2'!$H$13:$H$33,'Sommaire des réclamations'!A14,'Réclamation 2'!$M$13:$M$33)+SUMIF('Réclamation 3'!$H$13:$H$33,'Sommaire des réclamations'!A14,'Réclamation 3'!$M$13:$M$33) -> 0 | F14: =SUMIF('Réclamation 1'!$H$13:$H$33,'Sommaire des réclamations'!A14,'Réclamation 1'!$N$13:$N$33)+SUMIF('Réclamation 2'!$H$13:$H$33,'Sommaire des réclamations'!A14,'Réclamation 2'!$N$13:$N$33)+SUMIF('Réclamation 3'!$H$13:$H$33,'Sommaire des réclamations'!A14,'Réclamation 3'!$N$13:$N33) -> 0 | G14: =SUMIF('Réclamation 1'!$H$13:$H$33,'Sommaire des réclamations'!A14,'Réclamation 1'!$O$13:$O$33)+SUMIF('Réclamation 2'!$H$13:$H$33,'Sommaire des réclamations'!A14,'Réclamation 2'!$O$13:$O$33)+SUMIF('Réclamation 3'!$H$13:$H$33,'Sommaire des réclamations'!A14,'Réclamation 3'!$O$13:$O$33) -> 0 | H14: =SUMIF('Réclamation 1'!$H$13:$H$33,'Sommaire des réclamations'!A14,'Réclamation 1'!$T$13:$T$33)+SUMIF('Réclamation 2'!$H$13:$H$33,'Sommaire des réclamations'!A14,'Réclamation 2'!$T$13:$T$33)+SUMIF('Réclamation 3'!$H$13:$H$33,'Sommaire des réclamations'!A14,'Réclamation 3'!$T13:$T$33) -> 0 | I14: =SUM('Coût Structure de financement'!H18:H21) -> 0 | J14: =I14-H14 -> 0 | K14: =IF(OR(J14="",#REF!="",#REF!=0),"",J14/#REF!) -> #REF! | L14: =IF(J14<0,"Dépassement de coût ","") & IF(OR(E14<#REF!,F14<#REF!),"Mise de fonds minimale non atteinte","") -> #REF!
A15: Rémunération du personnel | D15: {=SUM('Réclamation 1'!L36:L47+'Réclamation 2'!L36:L47+'Réclamation 3'!L36:L47)} -> 0 | E15: =SUMIF('Réclamation 1'!$H$13:$H$33,'Sommaire des réclamations'!A15,'Réclamation 1'!$M$13:$M$33)+SUMIF('Réclamation 2'!$H$13:$H$33,'Sommaire des réclamations'!A15,'Réclamation 2'!$M$13:$M$33)+SUMIF('Réclamation 3'!$H$13:$H$33,'Sommaire des réclamations'!A15,'Réclamation 3'!$M$13:$M$33) -> 0 | F15: {=SUM('Réclamation 1'!N36:N47+'Réclamation 2'!N36:N47+'Réclamation 3'!N36:N47)} -> 0 | G15: {=SUM('Réclamation 1'!O36:O47+'Réclamation 2'!O36:O47+'Réclamation 3'!O36:O47)} -> 0 | H15: {=SUM('Réclamation 1'!T36:T47+'Réclamation 2'!T36:T47+'Réclamation 3'!T36:T47)} -> 0 | I15: =SUM('Coût Structure de financement'!H27:H40) -> 0 | J15: =I15-H15 -> 0 | K15: =IF(OR(J15="",#REF!="",#REF!=0),"",J15/#REF!) -> #REF! | L15: =IF(J15<0,"Dépassement de coût ","") & IF(OR(E15<#REF!,F15<#REF!),"Mise de fonds minimale non atteinte","") -> #REF!
A16: Frais de de déplacement et de séjour du demandeur et de ses partenaires | D16: {=SUM('Réclamation 1'!L50:L55+'Réclamation 2'!L50:L55+'Réclamation 3'!L50:L55)} -> 0 | E16: =SUMIF('Réclamation 1'!$H$13:$H$33,'Sommaire des réclamations'!A16,'Réclamation 1'!$M$13:$M$33)+SUMIF('Réclamation 2'!$H$13:$H$33,'Sommaire des réclamations'!A16,'Réclamation 2'!$M$13:$M$33)+SUMIF('Réclamation 3'!$H$13:$H$33,'Sommaire des réclamations'!A16,'Réclamation 3'!$M$13:$M$33) -> 0 | F16: =SUMIF('Réclamation 1'!$H$13:$H$33,'Sommaire des réclamations'!A16,'Réclamation 1'!$M$13:$M$33)+SUMIF('Réclamation 2'!$H$13:$H$33,'Sommaire des réclamations'!A16,'Réclamation 2'!$M$13:$M$33)+SUMIF('Réclamation 3'!$H$13:$H$33,'Sommaire des réclamations'!A16,'Réclamation 3'!$M$13:$M$33) -> 0 | G16: =SUMIF('Réclamation 1'!$H$13:$H$33,'Sommaire des réclamations'!A16,'Réclamation 1'!$M$13:$M$33)+SUMIF('Réclamation 2'!$H$13:$H$33,'Sommaire des réclamations'!A16,'Réclamation 2'!$M$13:$M$33)+SUMIF('Réclamation 3'!$H$13:$H$33,'Sommaire des réclamations'!A16,'Réclamation 3'!$M$13:$M$33) -> 0 | H16: {=SUM('Réclamation 1'!T50:T55+'Réclamation 2'!T50:T55+'Réclamation 3'!T50:T55)} -> 0 | I16: =SUM('Coût Structure de financement'!H45:H49) -> 0 | J16: =I16-H16 -> 0 | K16: =IF(OR(J16="",#REF!="",#REF!=0),"",J16/#REF!) -> #REF! | L16: =IF(J16<0,"Dépassement de coût ","") & IF(OR(E16<#REF!,F16<#REF!),"Mise de fonds minimale non atteinte","") -> #REF!
A17: Autres frais et dépenses approuvées | D17: =SUMIF('Réclamation 1'!$H$13:$H$33,'Sommaire des réclamations'!A17,'Réclamation 1'!$L$13:$L$33)+SUMIF('Réclamation 2'!$H$13:$H$33,'Sommaire des réclamations'!A17,'Réclamation 2'!$L$13:$L$33)+SUMIF('Réclamation 3'!$H$13:$H$33,'Sommaire des réclamations'!A17,'Réclamation 3'!$L$13:$L$33) -> 0 | E17: =SUMIF('Réclamation 1'!$H$13:$H$33,'Sommaire des réclamations'!A17,'Réclamation 1'!$M$13:$M$33)+SUMIF('Réclamation 2'!$H$13:$H$33,'Sommaire des réclamations'!A17,'Réclamation 2'!$M$13:$M$33)+SUMIF('Réclamation 3'!$H$13:$H$33,'Sommaire des réclamations'!A17,'Réclamation 3'!$M$13:$M$33) -> 0 | F17: =SUMIF('Réclamation 1'!$H$13:$H$33,'Sommaire des réclamations'!A17,'Réclamation 1'!$N$13:$N$33)+SUMIF('Réclamation 2'!$H$13:$H$33,'Sommaire des réclamations'!A17,'Réclamation 2'!$N$13:$N$33)+SUMIF('Réclamation 3'!$H$13:$H$33,'Sommaire des réclamations'!A17,'Réclamation 3'!$N$13:$N33) -> 0 | G17: =SUMIF('Réclamation 1'!$H$13:$H$33,'Sommaire des réclamations'!A17,'Réclamation 1'!$O$13:$O$33)+SUMIF('Réclamation 2'!$H$13:$H$33,'Sommaire des réclamations'!A17,'Réclamation 2'!$O$13:$O$33)+SUMIF('Réclamation 3'!$H$13:$H$33,'Sommaire des réclamations'!A17,'Réclamation 3'!$O$13:$O$33) -> 0 | H17: =SUMIF('Réclamation 1'!$H$13:$H$33,'Sommaire des réclamations'!A17,'Réclamation 1'!$T$13:$T$33)+SUMIF('Réclamation 2'!$H$13:$H$33,'Sommaire des réclamations'!A17,'Réclamation 2'!$T$13:$T$33)+SUMIF('Réclamation 3'!$H$13:$H$33,'Sommaire des réclamations'!A17,'Réclamation 3'!$T13:$T$33) -> 0 | I17: =SUM('Coût Structure de financement'!H68:H72) -> 0 | J17: =I17-H17 -> 0 | K17: =IF(OR(J17="",#REF!="",#REF!=0),"",J17/#REF!) -> #REF! | L17: =IF(J17<0,"Dépassement de coût ","") & IF(OR(E17<#REF!,F17<#REF!),"Mise de fonds minimale non atteinte","") -> #REF!
A18: Frais de location | D18: =SUMIF('Réclamation 1'!$H$13:$H$33,'Sommaire des réclamations'!A18,'Réclamation 1'!$L$13:$L$33)+SUMIF('Réclamation 2'!$H$13:$H$33,'Sommaire des réclamations'!A18,'Réclamation 2'!$L$13:$L$33)+SUMIF('Réclamation 3'!$H$13:$H$33,'Sommaire des réclamations'!A18,'Réclamation 3'!$L$13:$L$33) -> 0 | E18: =SUMIF('Réclamation 1'!$H$13:$H$33,'Sommaire des réclamations'!A18,'Réclamation 1'!$M$13:$M$33)+SUMIF('Réclamation 2'!$H$13:$H$33,'Sommaire des réclamations'!A18,'Réclamation 2'!$M$13:$M$33)+SUMIF('Réclamation 3'!$H$13:$H$33,'Sommaire des réclamations'!A18,'Réclamation 3'!$M$13:$M$33) -> 0 | F18: =SUMIF('Réclamation 1'!$H$13:$H$33,'Sommaire des réclamations'!A18,'Réclamation 1'!$N$13:$N$33)+SUMIF('Réclamation 2'!$H$13:$H$33,'Sommaire des réclamations'!A18,'Réclamation 2'!$N$13:$N$33)+SUMIF('Réclamation 3'!$H$13:$H$33,'Sommaire des réclamations'!A18,'Réclamation 3'!$N$13:$N33) -> 0 | G18: =SUMIF('Réclamation 1'!$H$13:$H$33,'Sommaire des réclamations'!A18,'Réclamation 1'!$O$13:$O$33)+SUMIF('Réclamation 2'!$H$13:$H$33,'Sommaire des réclamations'!A18,'Réclamation 2'!$O$13:$O$33)+SUMIF('Réclamation 3'!$H$13:$H$33,'Sommaire des réclamations'!A18,'Réclamation 3'!$O$13:$O$33) -> 0 | H18: =SUMIF('Réclamation 1'!$H$13:$H$33,'Sommaire des réclamations'!A18,'Réclamation 1'!$T$13:$T$33)+SUMIF('Réclamation 2'!$H$13:$H$33,'Sommaire des réclamations'!A18,'Réclamation 2'!$T$13:$T$33)+SUMIF('Réclamation 3'!$H$13:$H$33,'Sommaire des réclamations'!A18,'Réclamation 3'!$T13:$T$33) -> 0 | I18: =SUM('Coût Structure de financement'!H61:H64) -> 0 | J18: =I18-H18 -> 0 | K18: =IF(OR(J18="",#REF!="",#REF!=0),"",J18/#REF!) -> #REF! | L18: =IF(J18<0,"Dépassement de coût ","") & IF(OR(E18<#REF!,F18<#REF!),"Mise de fonds minimale non atteinte","") -> #REF!
A19: Frais d'administration | D19: ='Réclamation 1'!L58+'Réclamation 2'!L58+'Réclamation 3'!L58 -> 0 | G19: Ne s'applique pas | H19: ='Réclamation 1'!T58+'Réclamation 2'!T58+'Réclamation 3'!T58 -> 0 | I19: ='Coût Structure de financement'!K77 -> 0 | J19: =I19-H19 -> 0 | K19: =IF(OR(J19="",#REF!="",#REF!=0),"",J19/#REF!) -> #REF! | L19: =IF(J19<0,"Dépassement de coût ","") & IF(OR(E19<#REF!,F19<#REF!),"Mise de fonds minimale non atteinte","") -> #REF!
A20: Total des réclamations à ce jour | D20: =SUM(D14:D19) -> 0 | E20: =SUM(E14:E19) -> 0 | F20: =SUM(F14:F19) -> 0 | G20: =SUM(G14:G19) -> 0 | H20: =SUM(H14:H19) -> 0 | I20: =SUM(I14:I19) -> 0 | J20: =SUM(J14:J19) -> 0 | K20: =(#REF!-H20)/#REF! -> #REF! | L20: =IF(J20<0,"!! ATTENTION - TAUX D'AIDE DÉPASSÉ !!","")
A21: % du prévu au Coût Structure de financement | E21: =IFERROR(E20/#REF!,0) -> 0 | F21: =IFERROR(F20/#REF!,0) -> 0 | G21: =IFERROR(G20/#REF!,0) -> 0 | H21: =IFERROR(H20/#REF!,0) -> 0 | I21: =IFERROR(I20/#REF!,0) -> 0
A22: % des coûts réels selon réclamations | E22: =IFERROR(E20/I20,0) -> 0 | F22: =IFERROR(F20/I20,0) -> 0 | G22: =IFERROR(G20/I20,0) -> 0 | H22: =IFERROR(H20/I20,0) -> 0 | I22: =SUM(E22:H22) -> 0

Sheet Formulaire-décaissement
A1: FORMULAIRE DE DÉCAISSEMENT
A2: Processus interne de traitement des demandes de remboursement des projets financés
A3: INFORMATION SUR LE DEMANDEUR
A5: Titre du projet | B5: ='Coût Structure de financement'!B3 -> 0 | H5: No de dossier | L5: ='Coût Structure de financement'!L4 -> 0
A6: Volet | B6: ='Coût Structure de financement'!B7 -> (À sélectionner) | H6: Date de signature lettre d'offre
A7: Nom du demandeur | B7: ='Coût Structure de financement'!B5 -> 0 | H7: Date début dépenses admissibles
A8: Adresse Vérifiée | H8: Date fin dépenses admissibles
A11: INFORMATION SUR LE PROJET
A13: Identification du programme | D13: Programme de développement territorial et sectoriel 2026-2027
A15: Montant total de l'aide accordée | D15: ='Coût Structure de financement'!#REF! -> #REF!
A16: Coût total du projet | D16: ='Coût Structure de financement'!#REF! -> #REF!
A18: Validation des conditions d'admissibilités
B20: N/A | C20: Présent
A21: Preuves pour 1ère réclamation | D21: Structure de financement confirmée
D22: Mise de fonds
D23: Autres conditions : à préciser
A25: Preuves pour versements subséquents | D25: Pièces justificatives ou certification comptable
D26: Autres conditions : à préciser
K27: Indicateurs à remplir dans Flora selon le bilan :
A28: Preuves pour dernier versement | D28: Pièces justificatives ou certification comptable | L28: Nombre de participants réel
D29: Rapport final | L29: Retombées positives
D30: Bilan de projet | L30: Contribution à la compétitivité et la mise en valeur du secteur
D31: Autres conditions : à préciser | L31: Satisfaction du programme
A33: RECOMMANDATION
A35: Détails des versements déjà réalisés : | E35: Date: | H35: Recommandé par: | L35: Traité par: | O35: Autorisé par:
A36: Montant de l'avance | B36: 20000 | D36: Le
A37: 1ère réclamation | B37: ='[1]Réclamation 1'!V67 -> 0
A38: 2e réclamation | B38: ='[1]Réclamation 2'!Y67 -> 0
A39: 3e réclamation | B39: ='[1]Réclamation 3'!Y67 -> 0
A40: 4e versement | B40: ='[1]Réclamation 4'!Y67 -> 0
A43: Versement à faire :
B45: J'ai procédé à une analyse des documents soumis dans le cadre du projet stipulé ci-haut.
B46: Les documents fournis sont conformes et justifient le versement de l'aide financière.
A48: Recommandé par: | H48: Le
E50: Envoyer directement le chèque au client | I50: Dépôt direct
A53: Paiement effectué par: | G53: Le
A54: Autorisé par : | G54: Le
